 Dungeon Crawl Stone Soup version 0.25-a0-308-geac79542e2 (webtiles) character file.

Game seed: 12833715011682123039, levelgen mode: deterministic

14928187 Sphyrna the Conqueror (level 27, 218/218 HPs)
             Began as a Gargoyle Fighter on Dec 18, 2019.
             Was the Champion of the Shining One.
             Escaped with the Orb
             ... and 15 runes on Dec 22, 2019!
             The game lasted 12:49:02 (106120 turns).

Sphyrna the Conqueror (Gargoyle Fighter)          Turns: 106120, Time: 12:49:03

Health: 218/218    AC: 77    Str: 36    XL:     27
Magic:  40/40      EV: 15    Int: 13    God:    the Shining One [******]
Gold:   6337       SH: 39    Dex:  6    Spells: 44/44 levels left

rFire    + + +     SeeInvis +   u - +9 eveningstar (freeze)
rCold    + + +     Gourm    .   A - +3 large shield of Surprise {Slay+2}
rNeg     + + +     Faith    .   I - +14 crystal plate armour
rPois    ∞         Spirit   .   m - +2 helmet {SInv}
rElec    +         Reflect  +   V - scarf {rC+ rF+}
rCorr    .         Harm     .   r - +2 pair of gloves of a Thousand Places {+Blink Regen+ Int+4}
MR       ++...                  M - +0 pair of boots "Lamei" {rC+++}
Stlth    ..........             f - brooch of Shielding {Reflect SH+8}
HPRegen  0.86/turn              L - ring of the Tired Tables {Wiz +Fly rF++ rC+ Dex-4}
MPRegen  0.27/turn              q - ring of Ceola {rPois Str+4 Slay+5 Stlth+}

@: glowing
A: big wings, blurry vision 1, negative energy resistance 1, robust 1, screaming
2, shaggy fur 1, electricity resistance, unbreathing, petrification resistance,
rot immunity, MP-powered wands, AC +20
0: Orb of Zot
}: 15/15 runes: barnacled, slimy, silver, golden, iron, obsidian, icy, bone,
abyssal, demonic, glowing, magical, fiery, dark, gossamer
a: Fly, Divine Shield, Cleansing Flame, Summon Divine Warrior, Renounce
Religion, Evoke Blink, Evoke Flight


You escaped.
You worshipped the Shining One.
The Shining One was exalted by your worship.
You were full.

You visited 18 branches of the dungeon, and saw 90 of its levels.
You visited Pandemonium 1 time, and saw 13 of its levels.
You visited the Abyss 3 times.
You also visited: Trove, Bailey, Ice Cave, Volcano and Wizlab.

You collected 14083 gold pieces.
You spent 7746 gold pieces at shops.

Inventory:

Hand Weapons
 g - a +9 eveningstar of holy wrath
   (You subdued it on level 2 of the Elven Halls)
 u - a +9 eveningstar of freezing (weapon)
   (Okawaru gifted it to you on level 3 of the Lair of Beasts)
Missiles
 w - 26 throwing nets (quivered) {!f}
Armour
 k - a +1 hat of magic resistance
   (You found it in a volcano)
 m - a +2 helmet of see invisible (worn)
   (You bought it in a shop on level 3 of the Depths)
 r - the +2 pair of gloves of a Thousand Places (worn) {+Blink Regen+ Int+4}
   (Okawaru gifted it to you on level 6 of the Lair of Beasts)

   It affects your intelligence (+4).
   It lets you blink.
   It increases your rate of regeneration.
 A - the +3 large shield of Surprise (worn) {Slay+2}
   (Okawaru gifted it to you on level 10 of the Dungeon)

   It affects your accuracy and damage with ranged weapons and melee attacks
   (+2).
 I - a +14 crystal plate armour (worn)
   (Okawaru gifted it to you on level 1 of the Vaults)
 M - the +0 pair of boots "Lamei" (worn) {rC+++}
   (You found it in a treasure trove)

   It renders you almost immune to cold.
 V - a scarf of resistance (worn)
   (Okawaru gifted it to you on level 4 of the Vaults)
Jewellery
 c - the ring "Mouvam" {-Tele Str+4 Int+6}
   (You bought it in a shop on level 4 of the Dungeon)

   [ring of strength]

   It affects your strength (+4).
   It affects your intelligence (+6).
   It prevents most forms of teleportation.
 f - the brooch of Shielding (around neck) {Reflect SH+8}
   (You bought it in a shop on level 1 of the Elven Halls)

   [amulet of reflection]

   It shields you and reflects attacks.
   It affects your SH (+8).
 q - the ring of Ceola (right hand) {rPois Str+4 Slay+5 Stlth+}
   (You bought it in a shop on level 3 of the Depths)

   [ring of stealth]

   It affects your strength (+4).
   It affects your accuracy and damage with ranged weapons and melee attacks
   (+5).
   It protects you from poison.
   It makes you more stealthy.
 z - the ring "Feesetar" {rN+ Dex+4 SInv Stlth+}
   (You acquired it on level 3 of the Elven Halls)

   [ring of see invisible]

   It affects your dexterity (+4).
   It protects you from negative energy.
   It lets you see invisible.
   It makes you more stealthy.
 L - the ring of the Tired Tables (left hand) {Wiz +Fly rF++ rC+ Dex-4}
   (You bought it in a shop on level 3 of the Depths)

   [ring of wizardry]

   It improves your spell success rate.
   It affects your dexterity (-4).
   It greatly protects you from fire.
   It protects you from cold.
   It lets you fly.
 U - the ring "Tiecoh" {rF+ rC+++ rN+ Str+3 Dex-4}
   (You found it on level 3 of the Crypt)

   [ring of positive energy]

   It affects your strength (+3).
   It affects your dexterity (-4).
   It protects you from fire.
   It renders you almost immune to cold.
   It protects you from negative energy.
 Z - an uncursed ring of resist corrosion
   (You found it on level 2 of the Dungeon)
Wands
 d - a wand of iceblast (53)
   (You found it on level 2 of the Lair of Beasts)
 v - a wand of digging (11)
   (You took it off Maurice on level 12 of the Dungeon)
 x - a wand of acid (40)
   (You found it on level 3 of the Shoals)
Scrolls
 h - 3 scrolls of silence
 j - 8 scrolls of fog
 n - 11 scrolls of immolation {!r}
 p - 23 scrolls of remove curse {@r2}
 y - 31 scrolls of teleportation {@r4}
 E - 8 scrolls of blinking
 J - 11 scrolls of fear
 N - 8 scrolls of holy word
 T - 32 scrolls of identify {@r1}
 W - 4 scrolls of summoning
 X - 8 scrolls of magic mapping
Potions
 a - 11 potions of lignification {!q}
 i - 4 potions of magic
 s - 7 potions of resistance
 t - 6 potions of heal wounds {@q2}
 B - 5 potions of brilliance
 D - 8 potions of cancellation
 F - 8 potions of agility
 H - a potion of mutation {!q}
 K - 32 potions of curing {@q1}
 Q - 7 potions of berserk rage
 R - 6 potions of ambrosia
 S - 3 potions of haste {@q3}
 Y - 3 potions of might
Miscellaneous
 b - a lamp of fire
   (You found it on level 7 of Tartarus)
 o - a sack of spiders
 C - 2 boxes of beasts
 G - a figurine of a ziggurat {!*}
 O - a lamp of fire
   (You found it in Pandemonium)
 P - a lamp of fire
   (You found it on level 7 of Gehenna)
Comestibles
 e - 100 rations {!d}


   Skills:
 O Level 27 Fighting
 O Level 27 Maces & Flails
 O Level 27 Armour
 + Level 25.8 Dodging
 - Level 15.0 Stealth
 O Level 27 Shields
 - Level 9.0 Spellcasting
 - Level 14.0 Invocations
 + Level 26.1 Evocations


You had 44 spell levels left.
You didn't know any spells.
Your spell library contained the following spells:

 Spells                   Type           Power        Failure   Level  Hunger
 Animate Skeleton         Necr           N/A          21%         1    None
 Apportation              Tloc           #.....       21%         1    None
 Beastly Appendage        Tmut           #.....       21%         1    None
 Confusing Touch          Hex            #.....       21%         1    None
 Foxfire                  Conj/Fire      #...         21%         1    None
 Freeze                   Ice            #...         21%         1    None
 Infusion                 Chrm           #...         21%         1    None
 Magic Dart               Conj           #...         21%         1    None
 Pain                     Necr           #...         21%         1    None
 Sandblast                Erth           #.....       21%         1    None
 Shock                    Conj/Air       #...         21%         1    None
 Sting                    Tmut/Pois      #...         21%         1    None
 Summon Butterflies       Summ           #.......     21%         1    None
 Summon Small Mammal      Summ           #...         21%         1    None
 Blink                    Tloc           N/A          28%         2    None
 Call Imp                 Summ           #.......     28%         2    None
 Corpse Rot               Necr/Air       N/A          28%         2    None
 Ensorcelled Hibernation  Hex/Ice        #.....       28%         2    None
 Passwall                 Tmut/Erth      #.......     28%         2    None
 Poisonous Vapours        Pois/Air       #.....       28%         2    None
 Searing Ray              Conj           #.....       28%         2    None
 Slow                     Hex            #.......     28%         2    None
 Song of Slaying          Chrm           #.......     28%         2    None
 Sticks to Snakes         Tmut           #.......     28%         2    None
 Swiftness                Chrm/Air       #.......     28%         2    None
 Call Canine Familiar     Summ           #.......     50%         3    ##.....
 Confuse                  Hex            #.......     50%         3    ##.....
 Conjure Flame            Conj/Fire      #.......     50%         3    ##.....
 Gell's Gravitas          Tloc           #.........   50%         3    ##.....
 Ignite Poison            Fire/Tmut/Pois #.......     50%         3    ##.....
 Inner Flame              Hex/Fire       #.......     50%         3    ##.....
 Lesser Beckoning         Tloc           #.........   50%         3    ##.....
 Mephitic Cloud           Conj/Pois/Air  #.......     50%         3    ##.....
 Ozocubu's Armour         Chrm/Ice       #.......     50%         3    ##.....
 Recall                   Summ/Tloc      N/A          50%         3    ##.....
 Regeneration             Chrm/Necr      #.........   50%         3    ##.....
 Spectral Weapon          Hex/Chrm       #.......     50%         3    ##.....
 Spider Form              Tmut/Pois      #.........   50%         3    ##.....
 Static Discharge         Conj/Air       #.......     50%         3    ##.....
 Stone Arrow              Conj/Erth      #.....       50%         3    ##.....
 Summon Guardian Golem    Hex/Summ       #.......     50%         3    ##.....
 Teleport Other           Tloc           #.......     50%         3    ##.....
 Tukima's Dance           Hex            #.......     50%         3    ##.....
 Vampiric Draining        Necr           #.........   50%         3    ##.....
 Airstrike                Air            #.........   86%         4    ####...
 Animate Dead             Necr           N/A          86%         4    ####...
 Cause Fear               Hex            #.........   86%         4    ####...
 Hailstorm                Conj/Ice       #.......     86%         4    ####...
 Ice Form                 Ice/Tmut       #.......     86%         4    ####...
 Iskenderun's Mystic Bla  Conj/Tloc      #.......     86%         4    ####...
 Leda's Liquefaction      Hex/Erth       #.........   86%         4    ####...
 Olgreb's Toxic Radiance  Pois           #.......     86%         4    ####...
 Petrify                  Tmut/Erth      #.......     86%         4    ####...
 Sticky Flame             Conj/Fire      #.......     86%         4    ####...
 Summon Ice Beast         Ice/Summ       #.......     86%         4    ####...
 Summon Lightning Spire   Summ/Air       #.......     86%         4    ####...
 Agony                    Necr           #.......     99%         5    #####..
 Alistair's Intoxication  Tmut/Pois      #.......     99%         5    #####..
 Aura of Abjuration       Summ           #.........   99%         5    #####..
 Blade Hands              Tmut           #.........   99%         5    #####..
 Bolt of Magma            Conj/Fire/Erth #.........   99%         5    #####..
 Borgnjor's Vile Clutch   Necr/Erth      #.........   99%         5    #####..
 Dispel Undead            Necr           #.......     99%         5    #####..
 Excruciating Wounds      Chrm/Necr      #.........   99%         5    #####..
 Fireball                 Conj/Fire      #.........   99%         5    #####..
 Irradiate                Conj/Tmut      #.........   99%         5    #####..
 Iskenderun's Battlesphe  Conj/Chrm      #.......     99%         5    #####..
 Lee's Rapid Deconstruct  Erth           #.........   99%         5    #####..
 Lightning Bolt           Conj/Air       #.........   99%         5    #####..
 Metabolic Englaciation   Hex/Ice        #.........   99%         5    #####..
 Silence                  Hex/Air        #.........   99%         5    #####..
 Summon Demon             Summ           #.........   99%         5    #####..
 Summon Forest            Summ/Tloc      #.........   99%         5    #####..
 Summon Mana Viper        Hex/Summ       #.......     99%         5    #####..
 Yara's Violent Unravell  Hex/Tmut       #.........   99%         5    #####..
 Conjure Ball Lightning   Conj/Air       #.........   100%        6    #######
 Darkness                 Hex            #.........   100%        6    #######
 Death Channel            Necr           #.........   100%        6    #######
 Deflect Missiles         Chrm/Air       #.........   100%        6    #######
 Eringya's Noxious Bog    Tmut/Pois      #.........   100%        6    #######
 Freezing Cloud           Conj/Ice/Air   #.........   100%        6    #######
 Hydra Form               Tmut           #.........   100%        6    #######
 Invisibility             Hex            #.......     100%        6    #######
 Iron Shot                Conj/Erth      #.........   100%        6    #######
 Ozocubu's Refrigeration  Ice            #.........   100%        6    #######
 Shadow Creatures         Summ           N/A          100%        6    #######
 Simulacrum               Ice/Necr       #.........   100%        6    #######
 Dragon Form              Tmut           #.........   100%        7    #######
 Malign Gateway           Summ/Tloc      #.........   100%        7    #######
 Monstrous Menagerie      Summ           #.........   100%        7    #######
 Orb of Destruction       Conj           #.........   100%        7    #######
 Ring of Flames           Chrm/Fire      #.........   100%        7    #######
 Spellforged Servitor     Conj/Summ      #.........   100%        7    #######
 Summon Greater Demon     Summ           #.........   100%        7    #######
 Summon Hydra             Summ           #.........   100%        7    #######
 Chain Lightning          Conj/Air       #.........   100%        8    #######
 Controlled Blink         Tloc           N/A          100%        8    #######
 Discord                  Hex            #.........   100%        8    #######
 Infestation              Necr           #.........   100%        8    #######
 Lehudib's Crystal Spear  Conj/Erth      #.........   100%        8    #######
 Summon Horrible Things   Summ           #.........   100%        8    #######
 Dragon's Call            Summ           #.........   100%        9    #######
 Fire Storm               Conj/Fire      #.........   100%        9    #######
 Glaciate                 Conj/Ice       #.........   100%        9    #######
 Shatter                  Erth           #.........   100%        9    #######
 Tornado                  Air            #.........   100%        9    #######
 Sublimation of Blood     Necr           Unusable     N/A         2    N/A
 Passage of Golubria      Tloc           Unusable     N/A         4    N/A
 Statue Form              Tmut/Erth      Unusable     N/A         6    N/A

Dungeon Overview and Level Annotations

Branches:
Dungeon (15/15)            Temple (1/1) D:4            Lair (6/6) D:8
 Shoals (4/4) Lair:3       Spider (4/4) Lair:4        Slime (5/5) Lair:6
    Orc (2/2) D:11            Elf (3/3) Orc:2        Vaults (5/5) D:13
  Crypt (3/3) Vaults:2       Tomb (3/3) Crypt:3      Depths (5/5) D:15
   Hell (visited)             Dis (7/7) Hell            Geh (7/7) Hell
    Coc (7/7) Hell            Tar (7/7) Hell            Zot (5/5) Depths:5
 Bailey (visited)           IceCv (visited)         Volcano (visited)
 WizLab (visited)

Altars:
Ashenzari
Cheibriados
Dithmenos
Elyvilon
Fedhas
Gozag
Hepliaklqana
Kikubaaqudgha
Makhleb
Nemelex Xobeh
Okawaru
Qazlal
Ru
Sif Muna
Trog
Uskayaw
Vehumet
Wu Jian
Xom
Yredelemnul
Zin
The Shining One
Beogh
Jiyva
Lugonu

Shops:
D:4 [}=   D:5 *   D:10 =[}!   D:15 [   Orc:2 ((([   Elf:1 ==}*   Vaults:1 !
Vaults:3 [[?[%   Vaults:4 }[?   Vaults:5 :(   Depths:3 *=![[*

Portals:
Hell: Depths:1 Depths:2 Depths:3 Depths:4 Depths:5
Abyss: Depths:3 Depths:4
Pandemonium: Depths:1 Depths:3
Ziggurat: Depths:5

Annotations:
Depths:5 4 runed translucent doors


Innate Abilities, Weirdness & Mutations

You are resistant to torment.
Your stone body is resilient. (AC +20)
You are immune to poison.
Your large and strong wings let you fly indefinitely.
You resist negative energy. (rN+)
You are resistant to electric shocks. (rElec)
You can survive without breathing.
You are immune to petrification.
You are immune to rotting.
Scrolls take you a little longer to read.
You are robust. (+10% HP)
You sometimes yell uncontrollably at your foes.
You are covered in fur. (AC +1)
You expend magic power (3 MP) to strengthen your wands.


Message History

There is a stone staircase leading down here.
There is an escape hatch in the ceiling here.
Really go through this one-way escape hatch?
A mysterious force pulls you upwards. The hatch slams shut behind you.
(D) Dungeon (T) Temple (L) Lair (A) Shoals (N) Spider Nest (M) Slime Pits (O) Orcish Mines (E) Elven Halls (V) Vaults (C) Crypt (W) Tomb (U) Depths (H) Hell (I) Dis (G) Gehenna (X) Cocytus (Y) Tartarus (Z) Zot
Where to? (Enter - D:1 @ (x,y), ? - help)
A neqoxec comes into view.
You spit the neqoxec like a pig!!! You freeze the neqoxec!
You kill the neqoxec!
The Shining One accepts your kill.
(D) Dungeon (T) Temple (L) Lair (A) Shoals (N) Spider Nest (M) Slime Pits (O) Orcish Mines (E) Elven Halls (V) Vaults (C) Crypt (W) Tomb (U) Depths (H) Hell (I) Dis (G) Gehenna (X) Cocytus (Y) Tartarus (Z) Zot
Where to? (Enter - D:1 @ (x,y), ? - help)
There is a stone staircase leading up here.
You climb upwards.
There is a stone staircase leading down here.
There is an escape hatch in the ceiling here.
Really go through this one-way escape hatch?
A mysterious force pulls you upwards. The hatch slams shut behind you.
(D) Dungeon (T) Temple (L) Lair (A) Shoals (N) Spider Nest (M) Slime Pits (O) Orcish Mines (E) Elven Halls (V) Vaults (C) Crypt (W) Tomb (U) Depths (H) Hell (I) Dis (G) Gehenna (X) Cocytus (Y) Tartarus (Z) Zot
Where to? (Enter - D:1 @ (x,y), ? - help)
There is an escape hatch in the ceiling here.
Really go through this one-way escape hatch?
A mysterious force pulls you upwards. The hatch slams shut behind you.
(D) Dungeon (T) Temple (L) Lair (A) Shoals (N) Spider Nest (M) Slime Pits (O) Orcish Mines (E) Elven Halls (V) Vaults (C) Crypt (W) Tomb (U) Depths (H) Hell (I) Dis (G) Gehenna (X) Cocytus (Y) Tartarus (Z) Zot
Where to? (Enter - D:1 @ (x,y), ? - help)
There is a stone staircase leading up here.
You climb upwards.
There is a stone staircase leading down here.
You see here a stone.
There is an open door here.
You open the door.
There is an open door here.
There is a staircase leading out of the dungeon here.
You have escaped!

#.........#.#.........##.#.#
#.........'.'.........##.#.#
#.........#.#.........##.#.#
##.......##.##.......###.#.#
###....###'####...### #.#.#
#'#####...#####'# #.#.#
##.###.......###.## #.#.#
#...#.........#...# #.#.#
#...+....@....'...# #.#.#
#...#.........#...# #.#..
##.###.......###..# #.###
#.#####...#####.## #.###
#..#####'#####..# #....
##.............## #....
############### #..÷.
#..........# #....
#######.##.......########....


There were no monsters in sight!

Vanquished Creatures
  Cerebov (Pan)
  Antaeus (Coc:7)
  Asmodeus (Geh:7)
  the Royal Jelly (Slime:5)
  Ereshkigal (Tar:7)
  Gloorx Vloq (Pan)
  Mnoleg (Pan)
  the Serpent of Hell (Coc:7)
  Lom Lobon (Pan)
  Dispater (Dis:7)
  7 ancient liches
  Mara (D:15)
  7 orbs of fire
  32 greater mummies
  Sojobo (Crypt:2)
  Boris (twice) (Crypt:2 Crypt:3)
  Bai Suzhen (Vaults:3)
  8 shard shrikes
  3 caustic shrikes (Depths:4)
  2 Killer Klowns
  3 curse toes
  Geryon (Hell)
  Jory (Tomb:3)
  16 golden dragons
  Nikola (Vaults:2)
  A profane servitor (Abyss:1)
  the Enchantress (Depths:1)
  The ghost of Wauceedgh the Earth Mage, a veteran KoWz of Vehumet (Depths:2)
  7 doom hounds
  22 bone dragons
  2 electric golems (Zot:5)
  16 Tzitzimimeh
  13 iron giants
  16 Hell Sentinels
  22 Brimstone Fiends
  3 hellephants
  16 Ice Fiends
  17 tentacled monstrosities
  28 Orb Guardians
  3 pandemonium lords (Pan)
  18 liches
  7 quicksilver dragons
  8 deep elf blademasters
  Polyphemus (Shoals:2)
  13 sphinxes
  11 titans
  The ghost of Movoyn the Executioner, an adept MiMo of Qazlal (Shoals:3)
  2 deep elf master archers
  Gastronok (D:11)
  5 tentacled starspawn
  14 acid blobs
  An eldritch tentacle (Geh:7)
  28 ancient champions
  2 krakens (Shoals:4)
  Kirke (D:13)
  9 death cobs
  20 storm dragons
  Frances (Spider:1)
  6 tengu reavers
  25 shadow dragons
  21 Executioners
  5 warmongers (Pan)
  Ilsuiw (Shoals:3)
  Roxanne (Spider:1)
  12 azure jellies
  5 draconian monks
  7 revenants
  10 draconian knights
  6 ghost moths
  24 fire giants
  12 vault wardens
  17 cacodemons
  Aizul (Shoals:1)
  16 frost giants
  4 deep elf sorcerers (Elf:3)
  35 balrugs
  11 iron dragons
  A caustic shrike zombie (Depths:3)
  9 draconian scorchers
  3 emperor scorpions (Spider:4)
  12 draconian shifters
  7 deep elf elementalists
  4 curse skulls
  A juggernaut zombie (Hell)
  5 draconian stormcallers
  13 draconian annihilators
  8 ghouls
  3 spriggan defenders (Depths:1)
  5 elemental wellsprings
  21 war gargoyles
  2 entropy weavers
  15 ironheart preservers
  70 reapers
  8 bennus
  36 stone giants
  6 black suns (Pan)
  35 very ugly things
  4 blood saints (Pan)
  8 deep elf annihilators
  8 dire elephants
  An ophan (Abyss:1)
  9 black draconians
  2 corrupters (Pan)
  6 vampire knights
  Azrael (D:13)
  21 red draconians
  10 yellow draconians
  19 green draconians
  7 spark wasps
  A spark wasp (shapeshifter) (Depths:4)
  5 lorocyprocas
  12 white draconians
  10 merfolk javelineers
  25 purple draconians
  7 crystal guardians
  Josephine (D:10)
  9 statues (WizLab)
  9 deep elf death magi
  8 eidola
  The ghost of Hosow the Blocker, a journeyman GnFi of Okawaru (Lair:3)
  23 blizzard demons
  12 death oozes
  16 ettins
  7 quicksilver dragon zombies
  29 mummy priests
  11 fire dragons
  21 great orbs of eyes
  13 green deaths
  8 merfolk impalers
  11 yaktaur captains
  3 kraken zombies
  16 jiangshi
  7 rakshasas
  25 ice dragons
  10 hydras
  2 deep elf high priests (Elf:3)
  26 vault guards
  2 ghost crabs
  3 spriggan air magi
  An ice dragon (shapeshifter) (Vaults:5)
  4 quicksilver dragon skeletons
  The ghost of Rudriger the Eclecticist, a journeyman DECj of Vehumet (Lair:4)
  6 hell beasts
  4 merfolk avatars
  An anaconda (Depths:2)
  13 centaur warriors
  4 monstrous demonspawn
  2 juggernaut simulacra (Pan)
  4 catoblepae
  3 alligator snapping turtles
  2 anacondas (shapeshifter)
  A two-headed ogre (shapeshifter) (Depths:5)
  54 two-headed ogres
  20 death scarabs
  4 death knights
  3 merfolk aquamancers
  14 ogre magi
  13 deep troll shamans
  A queen ant (Lair:2)
  7 tengu warriors
  17 death yaks
  3 spriggan berserkers
  2 titan zombies
  27 dancing weapons
  16 hell hogs
  47 large abominations
  6 thrashing horrors
  3 satyrs
  11 deep troll earth magi
  The ghost of Rudriger the Thaumaturge, a journeyman DECj of Vehumet (Lair:1)
  32 deep elf knights
  8 vampire magi
  10 iron golems
  4 storm dragon zombies
  42 soul eaters
  2 wretched stars
  Nergalle (Lair:1)
  6 titan skeletons
  61 sun demons
  25 shadow wraiths
  15 iron trolls
  An iron giant zombie (Crypt:2)
  134 skeletal warriors
  19 sixfirhies
  7 anaconda zombies
  17 sea snakes
  A death drake (Abyss:1)
  52 hell knights
  7 unseen horrors
  3 unseen horrors (shapeshifter)
  2 spatial maelstroms
  4 torturous demonspawn (Pan)
  5 golden dragon zombies
  22 deep elf archers
  5 gelid demonspawn (Pan)
  3 infernal demonspawn (Pan)
  37 deep trolls
  3 storm dragon skeletons
  2 spriggan druids (Depths:2)
  8 glowing orange brains
  An orange crystal statue (Zot:5)
  18 phantasmal warriors
  7 shadow dragon zombies
  24 flayed ghosts
  6 lindwurms
  19 harpies
  32 shadow demons
  3 golden dragon skeletons
  25 orc knights
  2 wolf spider zombies
  8 anaconda skeletons
  23 orb spiders
  10 wizards
  A sphinx zombie (Hell)
  6 cyclopes
  107 deep elf magi
  9 fire giant zombies
  12 ironbrand convokers
  21 necromancers
  74 ugly things
  2 orc sorcerers
  A worldbinder (Abyss:3)
  10 elephants
  30 wolf spiders
  9 frost giant zombies
  4 iron dragon zombies
  2 iron dragon skeletons
  6 shining eyes
  9 shadow dragon skeletons
  15 manticores
  An oklob plant (Lair:6)
  13 fauns
  3 frost giant skeletons
  6 stone giant zombies
  10 stone giant skeletons
  2 salamanders (Depths:3)
  A black mamba (shapeshifter) (Depths:2)
  A shock serpent zombie (Coc:6)
  2 black mambas (Lair:6)
  6 water nymphs
  3 centaur zombies
  40 rust devils
  3 apocalypse crabs
  3 molten gargoyles
  11 merfolk sirens
  5 dire elephant zombies
  2 spriggan zombies
  A guardian serpent (Abyss:1)
  3 fire giant skeletons
  19 vault sentinels
  2 eyes of devastation
  A titan simulacrum (Crypt:2)
  58 smoke demons
  33 moths of wrath
  A guardian serpent (shapeshifter) (D:10)
  Maurice (D:12)
  2 centaur skeletons
  3 gargoyles (Volcano)
  4 ice statues
  2 torpor snails
  A komodo dragon (shapeshifter) (Depths:2)
  20 spiny frogs
  3 yaktaur zombies
  5 dire elephant skeletons
  22 orange demons
  A sea snake zombie (Crypt:3)
  2 alligator snapping turtle skeletons (Crypt:2)
  29 hellions
  A red draconian zombie (Crypt:3)
  A minotaur zombie (Dis:7)
  57 yaktaurs
  18 hellwings
  52 ice devils
  47 tormentors
  18 efreet
  24 demonic crawlers
  An emperor scorpion zombie (Dis:4)
  42 freezing wraiths
  A green draconian skeleton (Crypt:1)
  4 rime drakes
  19 hydra zombies
  36 guardian mummies
  2 kobold demonologists (D:14)
  2 anaconda simulacra
  4 ancient zymes
  7 komodo dragons
  A queen bee (Lair:3)
  A catoblepas skeleton (Tar:4)
  4 silent spectres
  34 red devils
  9 trolls
  22 jumping spiders
  3 harpy zombies
  5 tengu conjurers
  37 merfolk
  A meliai (shapeshifter) (D:13)
  2 polar bears
  Prince Ribbit (D:7)
  A yaktaur skeleton (Vaults:4)
  7 hydra skeletons
  8 fire dragon zombies
  6 meliai
  A tengu simulacrum (Vaults:4)
  7 wind drakes
  6 harpy skeletons
  8 ice dragon zombies
  20 hornets
  10 raiju
  91 slime creatures
  6 bog bodies (Coc:7)
  6 alligator zombies
  4 blink frogs (Lair:4)
  7 ettin zombies
  A stone giant simulacrum (Hell)
  A dream sheep (shapeshifter) (Depths:5)
  An iron dragon simulacrum (Tomb:3)
  A deep troll zombie (Hell)
  3 human simulacra
  10 hippogriffs
  9 dream sheep
  A fire giant simulacrum (Depths:3)
  A frost giant simulacrum (Vaults:4)
  2 black mamba zombies (Hell)
  12 snapping turtles
  2 spriggans (shapeshifter)
  125 flying skulls
  15 ynoxinuls (Pan)
  4 alligator skeletons
  6 ettin skeletons
  22 shadows
  27 tarantellas
  2 air elementals
  3 elf zombies
  2 vampires (Depths:3)
  96 redbacks
  3 ice dragon skeletons
  3 fire dragon skeletons
  A satyr skeleton (Crypt:3)
  18 water elementals
  2 wyverns
  24 ushabtiu
  33 wraiths
  A yak (shapeshifter) (Vaults:1)
  A dire elephant simulacrum (Coc:7)
  Eustachio (D:3)
  8 spriggans
  62 yaks
  27 fire elementals
  2 fire bats (Depths:4)
  8 golden eyes
  A basilisk (shapeshifter) (Vaults:1)
  3 hogs (D:13)
  18 chaos spawn
  28 neqoxecs
  5 hungry ghosts
  22 soldier ants
  4 vampire mosquitoes (D:14)
  8 spatial vortices
  A swamp worm (shapeshifter) (Elf:3)
  6 wargs
  A naga (shapeshifter) (Vaults:4)
  A soldier ant (shapeshifter) (Elf:1)
  2 hydra simulacra
  48 hell hounds
  A torturous demonspawn zombie (Dis:4)
  An acid dragon (D:15)
  Duvessa (D:4)
  13 water moccasins
  9 porcupines
  A floating eye (Pan)
  12 spiny frog zombies
  14 ice beasts
  An ice dragon simulacrum (Coc:5)
  3 manticore zombies
  4 sky beasts
  5 swamp drakes (Depths:3)
  5 eyes of draining
  17 small abominations
  54 orc warriors
  2 phantoms
  A merfolk skeleton (Geh:7)
  3 swamp dragon zombies
  4 snapping turtle zombies
  3 boggarts (D:15)
  2 elf simulacra
  27 ogres
  6 spiny frog skeletons
  2 black bears
  An alligator simulacrum (IceCv)
  An ettin simulacrum (Vaults:2)
  23 necrophages
  A centaur (shapeshifter) (Depths:3)
  20 centaurs
  2 swamp dragon skeletons
  15 wolves
  3 manticore skeletons
  2 snapping turtle skeletons
  7 crocodiles
  An elephant skeleton (Crypt:3)
  4 big kobolds
  A rime drake skeleton (Crypt:2)
  A glowing shapeshifter simulacrum (Vaults:3)
  18 bullfrogs
  7 earth elementals
  A gnoll sergeant (D:9)
  7 spiny frog simulacra
  2 wyvern zombies (D:14)
  Dowan (D:4)
  A water moccasin zombie (D:5)
  An elf skeleton (Geh:7)
  3 scorpions
  A warg zombie (Crypt:2)
  30 killer bees
  The ghost of MoonlitKnight the Charmwright, a weakling GnSk (D:3)
  A snapping turtle simulacrum (Abyss:3)
  An elephant simulacrum (IceCv)
  50 wights
  2 troll skeletons
  3 electric eels
  5 howler monkeys
  3 vampire bats (Lair:3)
  2 bullfrog zombies
  5 quasits
  4 draconian simulacra (IceCv)
  15 crimson imps
  12 starcursed masses
  A hound (D:6)
  A human zombie (Tar:7)
  A basilisk zombie (Crypt:3)
  13 orc priests
  4 jellies
  33 iron imps
  Jessica (D:2)
  A human skeleton (Crypt:1)
  8 iguanas
  Terence (D:2)
  14 orc wizards
  5 spriggan simulacra
  25 worker ants
  2 polar bear simulacra (IceCv)
  5 troll simulacra (IceCv)
  A tengu zombie (Hell)
  A big kobold skeleton (Crypt:3)
  3 centaur simulacra (IceCv)
  A sky beast zombie (Crypt:3)
  2 naga skeletons
  A hound zombie (D:10)
  A hound skeleton (D:7)
  70 mummies
  A howler monkey zombie (Crypt:1)
  Robin (D:2)
  8 gnolls
  2 howler monkey skeletons
  10 adders
  3 naga simulacra (IceCv)
  An ogre simulacrum (IceCv)
  8 shadow imps
  A steam dragon skeleton (Crypt:1)
  22 white imps
  An ooze (D:2)
  2 adder skeletons
  An adder zombie (D:9)
  2 halfling skeletons
  4 worms
  A barachi skeleton (Crypt:1)
  A dart slug (D:3)
  2 leopard geckos
  97 orcs
  11 bats
  3 giant cockroaches
  11 goblins
  11 hobgoblins
  9 jackals
  5 quokkas
  2 ball pythons (D:2)
  4 frilled lizards
  A jackal skeleton (Crypt:2)
  17 kobolds
  A kobold skeleton (Abyss:1)
  2 orc skeletons
  A quokka skeleton (D:6)
  12 rats
  3 fire vortices
  A lurking horror (Abyss:2)
  5 starspawn tentacles
  5 tentacles (Coc:5)
5221 creatures vanquished.

Vanquished Creatures (collateral kills)
  A greater mummy (Tomb:3)
  3 very ugly things (Pan)
  A mummy priest (Tomb:3)
  A sixfirhy (Pan)
  An ugly thing (Pan)
  An efreet (Pan)
  4 ushabtiu (Tomb:3)
  A chaos spawn (Pan)
  A mummy (Tomb:3)
14 creatures vanquished.

Vanquished Creatures (others)
  A shard shrike (Coc:7)
  2 deep elf master archers (Elf:3)
  3 eldritch tentacles
  A tengu reaver (Crypt:2)
  A corrupter (Pan)
  A balrug (Pan)
  2 elemental wellsprings
  2 stone giants
  A death ooze (Crypt:2)
  3 yaktaur captains (Vaults:5)
  A centaur warrior (Depths:1)
  2 vampire magi
  A two-headed ogre (Vaults:2)
  2 deep elf knights
  3 deep elf archers
  A glowing orange brain (Pan)
  An orb spider (Spider:2)
  A deep elf mage (WizLab)
  2 yaktaurs (Vaults:5)
  A guardian mummy (Crypt:3)
  2 red devils (Pan)
  A slime creature (Depths:1)
  2 flying skulls (Volcano)
  A spiny frog skeleton (Hell)
  An ogre (Vaults:2)
  2 centaurs (Depths:4)
  3 wights
  A crimson imp (Pan)
  3 iron imps (Dis:7)
  An orc wizard (Orc:1)
  A white imp (Coc:7)
  15 ball lightnings (Pan)
  An orc (Vaults:2)
  9 fungi
  21 plants
  7 starspawn tentacles
  25 tentacles
  31 withered plants (Crypt:2)
159 creatures vanquished.

Grand Total: 5394 creatures vanquished

Notes
Turn   | Place    | Note
-------+----------+-------------------------------------------
     0 | D:1      | Sphyrna the Gargoyle Fighter began the quest for the Orb.
     0 | D:1      | Reached XP level 1. HP: 14/14 MP: 1/1
   119 | D:1      | You fall into a shaft and drop 1 floor!
   147 | D:1      | Reached XP level 2. HP: 17/19 MP: 2/2
   865 | D:2      | Reached XP level 3. HP: 23/23 MP: 3/3
  1046 | D:2      | Noticed Robin
  1078 | D:2      | Killed Robin
  1078 | D:2      | Reached XP level 4. HP: 23/29 MP: 4/4
  1158 | D:2      | Noticed Terence
  1228 | D:2      | Killed Terence
  1396 | D:2      | Found a blossoming altar of Fedhas.
  1410 | D:2      | Noticed Jessica
  1421 | D:2      | Killed Jessica
  1421 | D:2      | Reached XP level 5. HP: 33/33 MP: 5/5
  1868 | D:3      | Reached skill level 5 in Shields
  2232 | D:3      | Reached XP level 6. HP: 29/38 MP: 6/6
  2373 | D:3      | Found a transporter.
  2378 | D:3      | Noticed MoonlitKnight's ghost (weakling GnSk)
  2409 | D:3      | Found a transporter.
  2431 | D:3      | Found a hazy altar of Hepliaklqana.
  2833 | D:4      | Noticed Eustachio
  2974 | D:4      | Reached XP level 7. HP: 2/44 MP: 7/7
  3307 | D:4      | Found Kyhauton's Jewellery Shop.
  3327 | D:4      | Found a staircase to the Ecumenical Temple.
  3338 | Temple   | Entered the Ecumenical Temple
  3356 | Temple   | Became a worshipper of Warmaster Okawaru
  3393 | D:4      | Reached skill level 5 in Maces & Flails
  3400 | D:4      | Got a slimy lead ring
  3406 | D:4      | Identified the ring "Qugowaur" {Fire Dex+2} (You found it
                  | on level 4 of the Dungeon)
  3547 | D:3      | Killed Eustachio
  3547 | D:3      | Reached skill level 5 in Fighting
  3664 | D:4      | Found Vyec Ruy's Gadget Boutique.
  3724 | D:4      | Found a shadowy altar of Dithmenos.
  3764 | D:4      | Found Xujogev's Armour Emporium.
  3875 | D:5      | Entered Level 5 of the Dungeon
  3875 | D:5      | Found Gozag's Platinum Reserve.
  3886 | D:5      | Reached XP level 8. HP: 45/49 MP: 6/8
  3959 | D:5      | Noticed Dowan
  3963 | D:5      | Noticed Duvessa
  4125 | D:4      | Killed Duvessa
  4125 | D:4      | Reached * piety under Okawaru
  4135 | D:4      | Killed Dowan
  4383 | D:5      | Found an opulent altar of Gozag.
  5489 | D:6      | Found a shattered altar of Ashenzari.
  5692 | D:6      | Reached ** piety under Okawaru
  5960 | D:6      | Identified the +7 short sword "Ifomea" {holy, Str+2 Dex+4}
  6038 | D:6      | Reached XP level 9. HP: 43/55 MP: 6/9
  6158 | D:7      | Noticed Prince Ribbit
  6375 | D:7      | Killed Prince Ribbit
  6682 | D:7      | Reached *** piety under Okawaru
  7136 | D:8      | Found a staircase to the Lair.
  7141 | D:8      | Noticed a hornet
  7149 | D:8      | Killed a hornet
  7205 | D:8      | Found a stormy altar of Qazlal.
  7255 | D:8      | Noticed a two-headed ogre
  7257 | D:8      | Noticed a two-headed ogre
  7650 | D:7      | Killed a two-headed ogre
  7650 | D:7      | Reached skill level 10 in Shields
  7650 | D:7      | Reached XP level 10. HP: 49/64 MP: 7/10
  7737 | D:8      | Reached **** piety under Okawaru
  8057 | D:8      | Killed a two-headed ogre
  8589 | D:9      | Reached skill level 10 in Maces & Flails
  8591 | D:9      | Received a gift from Okawaru
  8607 | D:9      | Found a shattered altar of Ashenzari.
  8693 | D:9      | Found a flagged portal.
  8702 | Bailey   | Entered a bailey
  9761 | Bailey   | Noticed an orc knight
  9777 | Bailey   | Killed an orc knight
  9777 | Bailey   | Reached XP level 11. HP: 58/69 MP: 7/11
  9879 | D:9      | Found a hide-covered altar of Uskayaw.
 10040 | D:9      | Got a fine glass ring
 10051 | D:9      | Got an iridescent dagger
 10411 | D:10     | Entered Level 10 of the Dungeon
 10430 | D:10     | Identified the ring of Zulyid {*Tele MR+} (You found it on
                  | level 9 of the Dungeon)
 10442 | D:10     | Found Neox's Jewellery Boutique.
 10465 | D:10     | Found Unnegeh's Antique Armour Shop.
 10560 | D:10     | Found a transporter.
 10560 | D:10     | Noticed a purple ugly thing
 10561 | D:10     | Found a corrupted altar of Lugonu.
 10611 | D:10     | Reached ***** piety under Okawaru
 10686 | D:10     | Found a transporter.
 10856 | D:10     | Found Qixt's Gadget Boutique.
 10891 | D:10     | Noticed Josephine
 10917 | D:10     | Killed Josephine
 11040 | D:10     | Found Sumon's Distillery.
 11051 | D:10     | Bought a potion of heal wounds for 70 gold pieces
 11051 | D:10     | Bought a potion of brilliance for 56 gold pieces
 11051 | D:10     | Bought a potion of degeneration for 14 gold pieces
 11051 | D:10     | Bought a potion of mutation for 112 gold pieces
 11051 | D:10     | Bought a potion of cancellation for 112 gold pieces
 11110 | D:10     | Reached skill level 10 in Fighting
 11174 | D:10     | Noticed a large abomination
 11217 | D:10     | Received a gift from Okawaru
 11220 | D:10     | Got a brightly glowing large shield {god gift}
 11234 | D:10     | Identified the +3 large shield of Surprise {Slay+2}
                  | (Okawaru gifted it to you on level 10 of the Dungeon)
 11353 | D:11     | Found the +9 sword of Zonguldrok {reap}
 11733 | D:10     | Reached skill level 1 in Invocations
 11939 | D:11     | Found a staircase to the Orcish Mines.
 12116 | D:11     | Identified the +5 leather armour of the New World {Str+4}
 12204 | D:11     | Noticed Gastronok
 12514 | D:11     | Killed Gastronok
 12514 | D:11     | Reached XP level 12. HP: 66/79 MP: 9/14
 13204 | Lair:1   | Entered Level 1 of the Lair of Beasts
 13507 | Lair:1   | Noticed Nergalle
 13533 | Lair:1   | Killed Nergalle
 13873 | Lair:1   | Found a runed translucent door.
 13879 | Lair:1   | Noticed Rudriger's ghost (journeyman DECj)
 13881 | Lair:1   | Noticed a spriggan rider
 14347 | Lair:1   | Identified the +9 trident of Anger {holy, Int+6}
 14404 | Lair:2   | Received a gift from Okawaru
 14787 | Lair:2   | Noticed a queen ant
 14806 | Lair:2   | Killed a queen ant
 15043 | Lair:2   | Reached skill level 5 in Invocations
 15420 | Lair:3   | Reached XP level 13. HP: 86/86 MP: 16/16
 15449 | Lair:3   | Found a dark tunnel.
 15563 | Volcano  | Entered a volcano
 16322 | Lair:3   | Found a staircase to the Shoals.
 16352 | Lair:3   | Received a gift from Okawaru
 16499 | Lair:3   | Found a runed translucent gate.
 16499 | Lair:3   | Found a runed translucent gate.
 16499 | Lair:3   | Found a runed translucent gate.
 16499 | Lair:3   | Noticed Hosow's ghost (journeyman GnFi)
 16874 | Lair:3   | Reached skill level 15 in Shields
 17118 | Lair:3   | Killed Hosow's ghost
 17205 | Lair:4   | Received a gift from Okawaru
 17465 | Lair:4   | Found a hole to the Spider Nest.
 17559 | Lair:4   | Found a runed translucent door.
 17689 | Lair:4   | Reached ****** piety under Okawaru
 17722 | Lair:4   | You fall into a shaft and drop 2 floors!
 17722 | Lair:6   | Entered Level 6 of the Lair of Beasts
 17809 | Lair:6   | Gained mutation: Your large and strong wings let you fly
                  | indefinitely. [Gargoyle growth]
 17809 | Lair:6   | Reached XP level 14. HP: 95/95 MP: 18/18
 17994 | Lair:6   | Found a staircase to the Slime Pits.
 17995 | Lair:6   | Found a viscous altar of Jiyva.
 18129 | Lair:6   | Received a gift from Okawaru
 18135 | Lair:6   | Got a pair of pitted gloves {god gift}
 18146 | Lair:6   | Identified the +2 pair of gloves of a Thousand Places
                  | {+Blink Regen+ Int+4} (Okawaru gifted it to you on level 6
                  | of the Lair of Beasts)
 18771 | Lair:4   | Reached skill level 1 in Evocations
 18858 | Lair:4   | Noticed Rudriger's ghost (journeyman DECj)
 18866 | Lair:4   | Killed Rudriger's ghost
 18875 | Lair:4   | Got a topaz-encrusted plate armour
 18888 | Lair:4   | Identified the +8 plate armour of Valiance {rF+} (You found
                  | it on level 4 of the Lair of Beasts)
 19336 | Lair:5   | Reached skill level 15 in Maces & Flails
 20092 | Lair:6   | Reached skill level 15 in Fighting
 20178 | Lair:6   | Received a gift from Okawaru
 20178 | Lair:6   | Reached XP level 15. HP: 103/103 MP: 20/20
 20650 | D:12     | Noticed Maurice
 20662 | D:12     | Killed Maurice
 21101 | D:13     | Noticed Azrael
 21110 | D:13     | Killed Azrael
 21150 | D:13     | Noticed Kirke
 21729 | D:13     | Killed Kirke
 21838 | D:13     | Found a gate to the Vaults.
 21924 | Orc:1    | Entered Level 1 of the Orcish Mines
 22380 | Orc:2    | Entered Level 2 of the Orcish Mines
 22832 | Orc:2    | Found Kuf Xesch's Weapon Shop.
 22832 | Orc:2    | Found Fohuci Faneu's Weapon Shoppe.
 22935 | Orc:2    | Found a roughly hewn altar of Beogh.
 22977 | Orc:2    | Found Xushramamots's Antique Weapon Shop.
 22977 | Orc:2    | Found Zuoleov's Armour Shoppe.
 23358 | Orc:2    | Found a staircase to the Elven Halls.
 23541 | D:13     | Received a gift from Okawaru
 23670 | D:14     | Reached XP level 16. HP: 82/110 MP: 16/22
 23682 | D:14     | Found a frozen archway.
 23700 | IceCv    | Entered an ice cave
 23847 | IceCv    | Received a gift from Okawaru
 23854 | IceCv    | Reached skill level 5 in Evocations
 23994 | IceCv    | Found an ancient bone altar of Kikubaaqudgha.
 24168 | IceCv    | Reached skill level 5 in Armour
 24955 | D:15     | Entered Level 15 of the Dungeon
 25187 | D:15     | Found Ofiq Fiecw's Antique Armour Boutique.
 25224 | D:15     | Reached skill level 1 in Spellcasting
 25260 | D:15     | Found a glowing silver altar of Zin.
 25438 | D:15     | Found a staircase to the Depths.
 25931 | D:15     | Found a burning altar of Makhleb.
 26200 | D:4      | Bought a +0 cloak of magic resistance for 138 gold pieces
 26339 | Shoals:1 | Entered Level 1 of the Shoals
 26592 | Shoals:1 | Received a gift from Okawaru
 26671 | Shoals:1 | Noticed Aizul
 26685 | Shoals:1 | Killed Aizul
 27477 | Shoals:2 | Reached XP level 17. HP: 117/117 MP: 23/23
 28018 | Shoals:2 | Found Xykh's Jewellery Boutique.
 28421 | Shoals:3 | Found a transporter.
 28436 | Shoals:3 | Noticed Polyphemus
 28470 | Shoals:2 | Killed Polyphemus
 28510 | Shoals:3 | Received a gift from Okawaru
 28564 | Shoals:3 | Noticed Movoyn's ghost (adept MiMo)
 28565 | Shoals:3 | Identified the +8 trident "Hydrabane" {pierce, Str+5}
 28574 | Shoals:3 | Found a bloodstained altar of Trog.
 28582 | Shoals:3 | Identified the +2 trident of Ummabaer {drain, Dex+3}
 28604 | Shoals:3 | Noticed Ilsuiw
 28669 | Shoals:3 | Killed Ilsuiw
 28700 | Shoals:3 | Found a transporter.
 29124 | Shoals:4 | Entered Level 4 of the Shoals
 29351 | Shoals:4 | Identified the +3 quarterstaff "Toecs" {vamp, rPois Str-4
                  | Stlth+}
 29376 | Shoals:4 | Reached skill level 5 in Spellcasting
 29633 | Shoals:4 | Received a gift from Okawaru
 29709 | Shoals:4 | Noticed a kraken
 30037 | Shoals:4 | Reached XP level 18. HP: 122/126 MP: 26/26
 30348 | Shoals:4 | Got a barnacled rune of Zot
 31039 | Vaults:1 | Entered Level 1 of the Vaults
 31039 | Vaults:1 | Found Bujuevaj's Distillery.
 31047 | Vaults:1 | Bought a potion of might for 60 gold pieces
 31136 | Vaults:1 | Received a gift from Okawaru
 31866 | Vaults:1 | Reached skill level 10 in Armour
 31920 | Vaults:1 | Received a gift from Okawaru
 32437 | Vaults:2 | Found a portal to a secret trove of treasure.
 32441 | Vaults:2 | Reached XP level 19. HP: 133/133 MP: 29/29
 32494 | Vaults:2 | Noticed Nikola
 32517 | Vaults:2 | Killed Nikola
 32638 | Vaults:2 | Received a gift from Okawaru
 33260 | Vaults:2 | Received a gift from Okawaru
 33700 | Vaults:2 | Found a staircase to the Crypt.
 33700 | Vaults:2 | Found a basalt altar of Yredelemnul.
 33701 | Vaults:2 | Found an ancient bone altar of Kikubaaqudgha.
 34341 | D:10     | Bought an uncursed ring of fire for 350 gold pieces
 34341 | D:10     | Bought a +3 ring of evasion for 294 gold pieces
 34341 | D:10     | Bought an uncursed amulet of faith for 560 gold pieces
 34346 | D:10     | Bought a +2 amulet of reflection for 105 gold pieces
 34431 | D:10     | Got a transparent marble ring
 34449 | D:10     | Identified the ring "Sairipap" {*Tele Dex+4} (You found it
                  | on level 10 of the Dungeon)
 34667 | D:4      | Bought an uncursed amulet of regeneration for 330 gold
                  | pieces
 34667 | D:4      | Bought an uncursed amulet of the gourmand for 330 gold
                  | pieces
 34713 | D:3      | Killed MoonlitKnight's ghost
 34927 | Lair:1   | Killed Rudriger's ghost
 35124 | Shoals:3 | Killed Movoyn's ghost
 35503 | Vaults:2 | You paid a toll of +4 ice dragon scales to enter a treasure
                  | trove
 35504 | Trove    | Entered a treasure trove
 35507 | Trove    | Found the +2 pair of boots of the Assassin {Detection Stab+
                  | Stlth++}
 35512 | Trove    | Got a pair of twisted boots
 35516 | Trove    | Got a smoking helmet
 35522 | Trove    | Got a distressingly furry cloak
 35530 | Trove    | Got a pair of translucent boots
 35587 | Vaults:2 | Identified the cursed +0 cloak of Follow the Leader {Str+3
                  | Dex+2} (You found it in a treasure trove)
 35650 | Vaults:2 | Identified the +0 pair of boots "Lamei" {rC+++} (You found
                  | it in a treasure trove)
 35660 | Vaults:2 | Identified the +2 pair of boots "Pegipirr" {rElec Regen+
                  | Str-4 Stlth-} (You found it in a treasure trove)
 35665 | Vaults:2 | Identified the +0 helmet of the Journeyman {Str+2} (You
                  | found it in a treasure trove)
 35770 | Vaults:3 | Received a gift from Okawaru
 35894 | Vaults:3 | Reached XP level 20. HP: 113/140 MP: 24/32
 35973 | Vaults:3 | Gained mutation: You are frail. (-10% HP) [a neqoxec]
 36155 | Vaults:3 | Found Noymm's Armour Shop.
 36155 | Vaults:3 | Found Kaqyumekh's Armour Shoppe.
 36227 | Vaults:3 | Reached skill level 1 in Stealth
 36350 | Vaults:3 | Noticed Bai Suzhen
 36357 | Vaults:3 | Found Gufouk's Magic Scroll Boutique.
 36368 | Vaults:3 | Killed Bai Suzhen
 36555 | Vaults:3 | Got a pitted pewter ring
 36557 | Vaults:3 | Identified the ring of Qobucs {*Tele rElec rF+ MR- Int+5}
                  | (You found it on level 3 of the Vaults)
 36565 | Vaults:3 | Found Joakh's Antique Armour Emporium.
 36680 | Vaults:3 | Got a translucent hand crossbow
 36702 | Vaults:3 | Found Otav's Food Emporium.
 36823 | Vaults:3 | Received a gift from Okawaru
 37272 | Vaults:4 | Reached skill level 5 in Stealth
 37380 | Vaults:4 | Reached XP level 21. HP: 109/132 MP: 29/34
 37482 | Vaults:4 | Found Peexyqant's Magic Scroll Boutique.
 37503 | Vaults:4 | Bought a scroll of magic mapping for 49 gold pieces
 37503 | Vaults:4 | Bought a scroll of magic mapping for 49 gold pieces
 37629 | Vaults:4 | Received a gift from Okawaru
 38531 | Vaults:4 | Found Lodduig's Armour Shoppe.
 38532 | Vaults:4 | Found Dajuos's Gadget Boutique.
 39098 | Elf:1    | Entered Level 1 of the Elven Halls
 39120 | Elf:1    | Found a radiant altar of Vehumet.
 39731 | Elf:2    | Found Baseahehi's Jewellery Boutique.
 39782 | Elf:1    | Got a pair of fine gloves
 39793 | Elf:1    | Identified the +0 pair of gloves of Ashenzari's Regard {MR-
                  | Str+2 Stlth+} (You found it on level 1 of the Elven Halls)
 39880 | Elf:1    | Received a gift from Okawaru
 40133 | Elf:1    | Found Cyewuamu's Gadget Shoppe.
 40133 | Elf:1    | Found Zorogakk's Jewellery Boutique.
 40134 | Elf:1    | Found Wonamofo's Jewellery Boutique.
 40187 | Elf:1    | Found Eranem's Assorted Antiques.
 40192 | Elf:1    | Bought a scroll labeled DETEAHU FUMEMAL for 27 gold pieces
 40625 | Elf:2    | Found a huge runed translucent gate.
 40625 | Elf:2    | Found a huge runed translucent gate.
 40625 | Elf:2    | Found a huge runed translucent gate.
 40625 | Elf:2    | Found a huge runed translucent gate.
 40629 | Elf:2    | Found a huge runed translucent gate.
 40999 | Elf:3    | Entered Level 3 of the Elven Halls
 41208 | Elf:3    | Received a gift from Okawaru
 41227 | Elf:3    | Reached XP level 22. HP: 136/139 MP: 35/35
 42046 | Elf:3    | Identified the +3 scythe of Archab {speed, rPois rF+ Str+2}
 42064 | Elf:3    | Received a gift from Okawaru
 42372 | Elf:3    | Reached skill level 10 in Stealth
 42658 | Elf:3    | Got a faintly humming shield {god gift}
 42683 | Elf:3    | Identified the +5 shield "Lolucw" {Str+3} (Okawaru gifted
                  | it to you on level 3 of the Elven Halls)
 42841 | Elf:3    | Identified a scroll of acquirement
 42943 | Elf:3    | Got a twisted arbalest
 42956 | Elf:3    | Identified the Handbook of Supportive Earth
 42974 | Elf:3    | Identified the Disquisition on Mutagenic Augmentations
 43011 | Elf:3    | Got an ancient platinum ring
 43013 | Elf:3    | Identified the ring "Feesetar" {rN+ Dex+4 SInv Stlth+} (You
                  | acquired it on level 3 of the Elven Halls)
 43842 | Depths:1 | Entered Level 1 of the Depths
 43892 | Depths:1 | Noticed Mara
 44036 | D:15     | Noticed Sphyrna's illusion
 44051 | D:15     | Killed Mara
 44161 | Depths:1 | Received a gift from Okawaru
 44184 | Depths:1 | Found a one-way gate leading to the halls of Pandemonium.
 44302 | Depths:1 | Reached skill level 15 in Armour
 44309 | Depths:1 | Reached XP level 23. HP: 137/144 MP: 36/36
 44649 | Depths:1 | Received a gift from Okawaru
 44755 | Depths:1 | Noticed the Enchantress
 44766 | Depths:1 | Killed the Enchantress
 44872 | Depths:1 | Noticed a golden dragon
 44880 | Depths:1 | Killed a golden dragon
 44895 | Depths:1 | Identified the Handbook of the Assistive Escort
 44896 | Depths:1 | Got an ancient spear
 44896 | Depths:1 | Got an ebony rapier
 44896 | Depths:1 | Got a warped arbalest
 45268 | Depths:1 | Found a gateway to Hell.
 45654 | Depths:2 | Received a gift from Okawaru
 45660 | Depths:2 | Got a steaming ring mail {god gift}
 45882 | Depths:2 | Found a runed translucent gate.
 45883 | Depths:2 | Found a runed translucent gate.
 45883 | Depths:2 | Found a runed translucent gate.
 45885 | Depths:2 | Noticed Wauceedgh's ghost (veteran KoWz)
 45921 | Depths:2 | Killed Wauceedgh's ghost
 46462 | Depths:2 | Got smelly pearl dragon scales
 46521 | Depths:2 | Identified the +1 pearl dragon scales "Wiusushe" {rPois rN+
                  | MR+ Regen+ Dex+4} (You found it on level 2 of the Depths)
 46689 | Depths:3 | Found Bivet's Jewellery Shoppe.
 46737 | Depths:3 | Found Xogi's Blood Bar.
 46770 | Depths:3 | Found a magical portal.
 46784 | Depths:3 | Reached XP level 24. HP: 121/152 MP: 36/36
 46985 | WizLab   | Received a gift from Okawaru
 47341 | WizLab   | Identified Iskenderun's Catalogue of Attacks
 47341 | WizLab   | Identified Iskenderun's Catalogue of Attacks
 47662 | Depths:3 | Bought the ring of Ceola {rPois Str+4 Slay+5 Stlth+} for
                  | 697 gold pieces
 47691 | Depths:3 | Found a one-way gate to the infinite horrors of the Abyss.
 47728 | Depths:3 | Identified Itwead's Disquisition on Attacks and Ice
 47844 | Depths:3 | Found Akhlec Xibli's General Store.
 47869 | Depths:3 | Received a gift from Okawaru
 47924 | Depths:3 | Found Ceso's Armour Emporium.
 47963 | Depths:3 | Found Byitsuzoi's Antique Armour Shop.
 48367 | Depths:3 | Found Fuwax's Distillery.
 48601 | Depths:3 | Got an encrusted short sword
 48605 | Depths:3 | Got a crude hunting sling
 48847 | Depths:3 | Found a basalt altar of Yredelemnul.
 49251 | Elf:1    | Bought the brooch of Shielding {Reflect SH+8} for 1807 gold
                  | pieces
 49251 | Elf:1    | Found the brooch of Shielding {Reflect SH+8}
 49606 | Depths:4 | Upgraded the game from 0.25-a0-294-gea9b1ad378 to
                  | 0.25-a0-302-g9f758675c1
 50205 | Depths:4 | Received a gift from Okawaru
 50684 | Temple   | Fell from the grace of Okawaru
 50684 | Temple   | Became a worshipper of the Shining One
 51172 | Depths:5 | Entered Level 5 of the Depths
 51212 | Depths:5 | Reached skill level 1 in Dodging
 51249 | Depths:5 | Noticed a caustic shrike
 51257 | Depths:4 | Reached XP level 25. HP: 131/159 MP: 36/36
 51277 | Depths:5 | Reached * piety under the Shining One
 51864 | Depths:5 | Reached ** piety under the Shining One
 52437 | Depths:5 | Reached *** piety under the Shining One
 52485 | Depths:5 | Reached skill level 15 in Stealth
 52536 | Depths:5 | Found a runed translucent door.
 52536 | Depths:5 | Found a runed translucent door.
 52536 | Depths:5 | Found a runed translucent door.
 52589 | Depths:5 | Reached skill level 5 in Dodging
 52647 | Depths:5 | Found a runed translucent door.
 52797 | Depths:5 | Found a runed translucent door.
 52826 | Depths:5 | Found a runed translucent door.
 52838 | Depths:5 | Found a gate to the Realm of Zot.
 52961 | Depths:5 | Found a gateway to a ziggurat.
 53568 | Spider:1 | Entered Level 1 of the Spider Nest
 53974 | Spider:1 | Noticed Roxanne
 54075 | Spider:1 | Killed Roxanne
 54373 | Spider:1 | Noticed Frances
 54385 | Spider:1 | Killed Frances
 54385 | Spider:1 | Reached XP level 26. HP: 167/167 MP: 36/36
 55415 | Spider:2 | Reached **** piety under the Shining One
 56237 | Spider:4 | Entered Level 4 of the Spider Nest
 56554 | Spider:4 | Got a jewelled great sword
 57161 | Spider:4 | Got a gossamer rune of Zot
 57512 | Crypt:1  | Entered Level 1 of the Crypt
 57708 | Crypt:1  | Reached ***** piety under the Shining One
 57768 | Crypt:1  | Was forgiven by Okawaru
 58282 | Crypt:1  | Reached ****** piety under the Shining One
 58288 | Crypt:1  | Reached skill level 10 in Evocations
 58888 | Elf:2    | Identified a +5 eveningstar of holy wrath (a +3 eveningstar
                  | of draining blessed by the Shining One)
 58888 | Elf:2    | Received a gift from the Shining One
 59538 | Crypt:2  | Noticed Boris
 59547 | Crypt:2  | Killed Boris
 59768 | Crypt:2  | Noticed Sojobo
 59800 | Crypt:2  | Killed Sojobo
 60374 | Crypt:3  | Entered Level 3 of the Crypt
 60394 | Crypt:3  | Reached XP level 27. HP: 173/173 MP: 36/36
 60854 | Crypt:3  | Noticed Boris
 60855 | Crypt:3  | Noticed a greater mummy
 60865 | Crypt:3  | Killed Boris
 60869 | Crypt:3  | Killed a greater mummy
 60945 | Crypt:3  | Found a basalt altar of Yredelemnul.
 60948 | Crypt:3  | Found an ancient bone altar of Kikubaaqudgha.
 60967 | Crypt:3  | Got a fine flail
 61006 | Crypt:3  | Identified Ulubot's Compendium of Stolen Souls
 61011 | Crypt:3  | Got a sparkling lapis lazuli ring
 61011 | Crypt:3  | Got a scorched pewter ring
 61011 | Crypt:3  | Got a pitted jade ring
 61268 | Crypt:3  | Found a staircase to the Tomb.
 61310 | Crypt:3  | Identified the cursed +1 flail "Patodef" {flame, +Blink
                  | rPois rC++ Dex-3} (You found it on level 3 of the Crypt)
 61319 | Tomb:1   | Entered Level 1 of the Tomb of the Ancients
 61928 | Tomb:1   | Noticed a greater mummy
 61980 | Tomb:1   | Killed a greater mummy
 62164 | Tomb:1   | Reached skill level 10 in Invocations
 62407 | Tomb:2   | Noticed a greater mummy
 62407 | Tomb:2   | Noticed a greater mummy
 62408 | Tomb:2   | Noticed a greater mummy
 62409 | Tomb:2   | Noticed a greater mummy
 62456 | Tomb:2   | Killed a greater mummy
 62538 | Tomb:1   | Noticed a greater mummy
 62543 | Tomb:1   | Killed a greater mummy
 62559 | Tomb:1   | Noticed a greater mummy
 62567 | Tomb:1   | Killed a greater mummy
 62574 | Tomb:1   | Noticed a greater mummy
 62578 | Tomb:1   | Killed a greater mummy
 62720 | Tomb:1   | Noticed a greater mummy
 62720 | Tomb:1   | Noticed a greater mummy
 62734 | Tomb:1   | Killed a greater mummy
 62741 | Tomb:1   | Killed a greater mummy
 62786 | Tomb:1   | Noticed a greater mummy
 62799 | Tomb:1   | Noticed a greater mummy
 62806 | Tomb:1   | Killed a greater mummy
 62811 | Tomb:1   | Killed a greater mummy
 62821 | Tomb:1   | Noticed a greater mummy
 62828 | Tomb:1   | Killed a greater mummy
 62892 | Tomb:1   | Noticed a greater mummy
 62898 | Tomb:1   | Noticed a greater mummy
 62904 | Tomb:1   | Killed a greater mummy
 62904 | Tomb:1   | Noticed a greater mummy
 62917 | Tomb:1   | Killed a greater mummy
 62922 | Tomb:1   | Killed a greater mummy
 63027 | Tomb:1   | Noticed a greater mummy
 63042 | Tomb:1   | Killed a greater mummy
 63089 | Tomb:1   | Noticed a greater mummy
 63108 | Tomb:1   | Killed a greater mummy
 63197 | Tomb:1   | Noticed a greater mummy
 63217 | Tomb:1   | Killed a greater mummy
 63310 | Tomb:1   | Noticed a greater mummy
 63330 | Tomb:1   | Killed a greater mummy
 63385 | Tomb:1   | Noticed a greater mummy
 63394 | Tomb:1   | Killed a greater mummy
 63432 | Tomb:1   | Noticed a greater mummy
 63439 | Tomb:1   | Killed a greater mummy
 63456 | Tomb:1   | Noticed a greater mummy
 63470 | Tomb:1   | Killed a greater mummy
 63720 | Tomb:3   | Entered Level 3 of the Tomb of the Ancients
 63732 | Tomb:3   | Noticed a greater mummy
 63732 | Tomb:3   | Noticed a greater mummy
 63733 | Tomb:3   | Noticed a greater mummy
 63733 | Tomb:3   | Noticed a greater mummy
 63734 | Tomb:3   | Noticed a greater mummy
 63734 | Tomb:3   | Noticed a greater mummy
 63774 | Tomb:3   | Killed a greater mummy
 63789 | Tomb:3   | Noticed a greater mummy
 63813 | Tomb:3   | Killed a greater mummy
 63817 | Tomb:3   | Noticed Jory
 63836 | Tomb:3   | Killed a greater mummy
 63836 | Tomb:3   | Reached skill level 27 in Fighting
 63844 | Tomb:3   | Killed Jory
 63848 | Tomb:3   | Lost mutation: You are frail. (-10% HP) [the power of Zot]
 64053 | Tomb:3   | Noticed a greater mummy
 64053 | Tomb:3   | Noticed a greater mummy
 64577 | Tomb:3   | Killed a greater mummy
 64632 | Tomb:3   | Killed a greater mummy
 64847 | Tomb:3   | Killed a greater mummy
 64851 | Tomb:3   | Paralysed by the power of Zot for 2 turns
 65092 | Tomb:3   | Paralysed by the power of Zot for 2 turns
 65336 | Tomb:3   | Killed a greater mummy
 65355 | Tomb:3   | Killed a greater mummy
 65361 | Tomb:3   | Killed a greater mummy
 65722 | Tomb:3   | Got an ancient mace
 65723 | Tomb:3   | Identified the Catalogue of the Voyage and Venom
 65749 | Tomb:3   | Got a pair of translucent gloves
 65818 | Tomb:3   | Got a golden rune of Zot
 65843 | Tomb:3   | Identified the +11 mace of the Rat {holy, Dex+6} (You found
                  | it on level 3 of the Tomb of the Ancients)
 65881 | Tomb:3   | Identified the +1 pair of gloves of Wonder {Regen+ MP-9
                  | Int+6 Dex+2} (You found it on level 3 of the Tomb of the
                  | Ancients)
 65893 | Tomb:3   | Identified the ring of the Lumpy Hells {+Blink rElec rN+
                  | Dex+2 Stlth-} (You found it on level 3 of the Crypt)
 65894 | Tomb:3   | Identified the ring "Tiecoh" {rF+ rC+++ rN+ Str+3 Dex-4}
                  | (You found it on level 3 of the Crypt)
 65895 | Tomb:3   | Identified the ring of Leaves {*Slow rPois rN+ Slay+3} (You
                  | found it on level 3 of the Crypt)
 66232 | Tomb:2   | Killed a greater mummy
 66349 | Tomb:2   | Killed a greater mummy
 66454 | Tomb:2   | Killed a greater mummy
 67036 | Vaults:4 | Upgraded the game from 0.25-a0-302-g9f758675c1 to
                  | 0.25-a0-306-g3faca94807
 67037 | Vaults:5 | Entered Level 5 of the Vaults
 67164 | Vaults:5 | Reached skill level 10 in Dodging
 67352 | Vaults:5 | Found Amoceubu's Book Boutique.
 67411 | Vaults:5 | Got a silver rune of Zot
 67548 | Vaults:5 | Noticed an ancient lich
 67566 | Vaults:5 | Killed an ancient lich
 67617 | Vaults:5 | Got a slimy scimitar
 67928 | Vaults:5 | Got an ichor-stained crystal plate armour
 67964 | Vaults:5 | Identified the +6 crystal plate armour "Geixzap" {rPois
                  | rN+++ Str-3 Int-2} (You found it on level 5 of the Vaults)
 67999 | Vaults:5 | Identified the cursed +0 ring mail "Jacossa" {-Tele rC++
                  | Slay+2}
 68045 | Vaults:5 | Found the +0 staff of Battle
 68050 | Vaults:5 | Identified Witchery for Beginners
 68055 | Vaults:5 | Found Tinoh's Antique Weapon Shoppe.
 68317 | Vaults:5 | Identified the cursed +0 plate armour of Distant Shores
                  | {rF+ Regen+ Dex-4}
 68428 | Vaults:5 | Identified the Papyrus of Hexes and Transmutation
 68934 | Slime:1  | Entered Level 1 of the Pits of Slime
 68994 | Slime:1  | Gained mutation: Scrolls take you a little longer to read.
                  | [a shining eye]
 69055 | Slime:2  | Gained mutation: Armour fits poorly on your strangely
                  | shaped body. [a shining eye]
 69341 | Slime:5  | Entered Level 5 of the Pits of Slime
 70381 | Slime:5  | Noticed the Royal Jelly
 70397 | Slime:5  | Killed the Royal Jelly
 70629 | Slime:5  | Identified Tenlokh's Collected Works on Supportive
                  | Beguiling
 70634 | Slime:5  | Got a translucent troll leather armour
 70649 | Slime:5  | Identified the Collected Works on Dislocated Protection
 70677 | Slime:5  | Identified the Collected Works on Stones and Ignition
 70718 | Slime:5  | Got a faintly humming ring mail
 70728 | Slime:5  | Got a transparent flail
 70743 | Slime:5  | Got a slimy rune of Zot
 70762 | Slime:5  | Got a translucent plate armour
 70773 | Slime:5  | Identified the +1 plate armour "Vigu" {Slay+2} (You found
                  | it on level 5 of the Pits of Slime)
 71297 | Depths:3 | Got a pitted lead ring
 71298 | Depths:3 | Identified the ring "Igieji" {rC+ Str+4 Dex+2 Stlth+} (You
                  | acquired it on level 3 of the Depths)
 71305 | Depths:3 | Voluntarily entered the Abyss.
 71319 | Abyss:1  | Found an ancient bone altar of Kikubaaqudgha.
 71550 | Abyss:3  | Gained mutation: You tend to lose your temper in combat. [a
                  | neqoxec]
 71551 | Abyss:3  | Gained mutation: Your magical capacity is low. (-10% MP) [a
                  | neqoxec]
 71638 | Abyss:3  | Paralysed by accursed screaming for 1 turns
 71644 | Abyss:4  | Found a corrupted altar of Lugonu.
 71696 | Abyss:4  | Paralysed by accursed screaming for 2 turns
 71712 | Abyss:4  | Found a transporter.
 71844 | Abyss:4  | Gained mutation: Your body often deteriorates upon taking
                  | damage. [a neqoxec]
 71858 | Depths:3 | Escaped the Abyss
 72071 | D:12     | Lost mutation: Your body often deteriorates upon taking
                  | damage. [potion of mutation]
 72071 | D:12     | Lost mutation: Scrolls take you much longer to read.
                  | [potion of mutation]
 72071 | D:12     | Lost mutation: Your magical capacity is low. (-10% MP)
                  | [potion of mutation]
 72071 | D:12     | Lost mutation: You tend to lose your temper in combat.
                  | [potion of mutation]
 72071 | D:12     | Lost mutation: Armour fits poorly on your strangely shaped
                  | body. [potion of mutation]
 72071 | D:12     | Gained mutation: You have a pair of small horns on your
                  | head. [potion of mutation]
 72071 | D:12     | Gained mutation: You possess an exceptional clarity of
                  | mind. [potion of mutation]
 72365 | Zot:1    | Entered Level 1 of the Realm of Zot
 72506 | Zot:1    | Reached skill level 27 in Shields
 72713 | Zot:1    | Noticed an ancient lich
 72719 | Zot:1    | Killed an ancient lich
 73490 | Depths:3 | Voluntarily entered the Abyss.
 73492 | Abyss:1  | Found a corrupted altar of Lugonu.
 73585 | Abyss:1  | Found a corrupted altar of Lugonu.
 73914 | Abyss:3  | Found a burning altar of Makhleb.
 73925 | Abyss:3  | Found a burning altar of Makhleb.
 74029 | Abyss:3  | Found a burning altar of Makhleb.
 74039 | Abyss:3  | Found a corrupted altar of Lugonu.
 74044 | Abyss:3  | Got an abyssal rune of Zot
 74213 | Depths:3 | Escaped the Abyss
 74268 | Pan      | Entered Pandemonium
 75005 | Pan      | Entered the realm of Lom Lobon.
 75052 | Pan      | Reached skill level 15 in Dodging
 75056 | Pan      | Found an exit through the horrors of the Abyss.
 75868 | Pan      | Noticed Lom Lobon
 75917 | Pan      | Killed Lom Lobon
 76054 | Pan      | Got a magical rune of Zot
 76169 | Pan      | Entered the realm of Gloorx Vloq.
 76463 | Pan      | Reached skill level 27 in Armour
 76638 | Pan      | Found an exit through the horrors of the Abyss.
 76875 | Pan      | Noticed Gloorx Vloq
 77020 | Pan      | Killed Gloorx Vloq
 77136 | Pan      | Got a dark rune of Zot
 77212 | Pan      | Entered the realm of Cerebov.
 77503 | Pan      | Identified the ring "Xiyst" {+Fly rElec Dex+2}
 77520 | Pan      | Identified the +6 sword of Cerebov {flame}
 77520 | Pan      | Noticed Cerebov
 77554 | Pan      | Killed Cerebov
 77604 | Pan      | Identified the ring of Ryit {MR+ Str+4}
 77711 | Pan      | Identified the ring of Umiff {rPois rC+ rN+ MR++ Dex-2}
 77754 | Pan      | Got a faintly glowing plate armour
 77757 | Pan      | Identified the +8 plate armour of the Shrike {Str+3} (You
                  | found it in Pandemonium)
 77771 | Pan      | Identified the Papyrus of Feathery Necromancy
 77774 | Pan      | Got a heavily runed crystal plate armour
 77775 | Pan      | Identified the +9 crystal plate armour "Nuagan" {*Drain
                  | +Fly rElec rCorr} (You found it in Pandemonium)
 77832 | Pan      | Got a fiery rune of Zot
 78046 | Pan      | Noticed Noaneki the pandemonium lord
 78055 | Pan      | Killed Noaneki the pandemonium lord
 78552 | Pan      | Found an exit through the horrors of the Abyss.
 78844 | Pan      | Noticed Uxun Efu the pandemonium lord
 78848 | Pan      | Killed Uxun Efu the pandemonium lord
 79898 | Pan      | Noticed Qiggadiror the pandemonium lord
 79914 | Pan      | Killed Qiggadiror the pandemonium lord
 80897 | Pan      | Got a demonic rune of Zot
 81016 | Pan      | Entered the realm of Mnoleg.
 81278 | Pan      | Gained mutation: Scrolls take you a little longer to read.
                  | [a neqoxec]
 81285 | Pan      | Gained mutation: Armour fits poorly on your strangely
                  | shaped body. [a neqoxec]
 81462 | Pan      | Gained mutation: You are weak. (Str -2) [a neqoxec]
 81644 | Pan      | Gained mutation: Your magical capacity is low. (-10% MP) [a
                  | cacodemon]
 81673 | Pan      | Lost mutation: You possess an exceptional clarity of mind.
                  | [a cacodemon]
 81698 | Pan      | Found an exit through the horrors of the Abyss.
 81702 | Pan      | Gained mutation: You are dopey. (Int -2) [a cacodemon]
 81759 | Pan      | Gained mutation: Scrolls take you longer to read. [a
                  | neqoxec]
 81763 | Pan      | Gained mutation: Scrolls take you much longer to read. [a
                  | neqoxec]
 81904 | Pan      | Got a smoking dire flail
 81908 | Pan      | Identified the +4 dire flail of the Ten Spreadsheets
                  | {crush, rElec MR+} (You found it in Pandemonium)
 82112 | Pan      | Gained mutation: Your spells are a little easier to cast,
                  | but a little less powerful. [a neqoxec]
 82112 | Pan      | Gained mutation: You are very dopey. (Int -4) [a neqoxec]
 82379 | Pan      | Noticed Mnoleg
 82384 | Pan      | Reached skill level 15 in Evocations
 82393 | Pan      | Killed Mnoleg
 82454 | Pan      | Got a glowing rune of Zot
 82547 | Pan      | Gained mutation: You are very weak. (Str -4) [a cacodemon]
 82572 | Pan      | Took an exit into the Abyss.
 82572 | Abyss:1  | Escaped into the Abyss
 82755 | Depths:3 | Escaped the Abyss
 83146 | Elf:1    | Bought an embroidered hat for 189 gold pieces
 83180 | Elf:1    | Bought a potion of agility for 108 gold pieces
 83357 | D:10     | Bought a potion of mutation for 112 gold pieces
 83445 | Vaults:1 | Bought a potion of haste for 150 gold pieces
 83445 | Vaults:1 | Bought a potion of haste for 150 gold pieces
 83445 | Vaults:1 | Bought a potion of resistance for 150 gold pieces
 83551 | D:10     | Lost mutation: You have a pair of small horns on your head.
                  | [potion of mutation]
 83551 | D:10     | Lost mutation: Armour fits poorly on your strangely shaped
                  | body. [potion of mutation]
 83551 | D:10     | Gained mutation: Your magical capacity is very low. (-20%
                  | MP) [potion of mutation]
 83551 | D:10     | Gained mutation: You are resistant to hostile enchantments.
                  | (MR+) [potion of mutation]
 83785 | Depths:3 | Bought a glowing helmet for 307 gold pieces
 83785 | Depths:3 | Bought a pair of glowing gloves for 307 gold pieces
 83852 | Depths:3 | Bought the ring of the Tired Tables {Wiz +Fly rF++ rC+
                  | Dex-4} for 662 gold pieces
 83888 | Hell     | Entered the Vestibule of Hell
 84189 | Hell     | Noticed Geryon
 84769 | Hell     | Killed Geryon
 84890 | Hell     | Found a gateway to the decaying netherworld of Tartarus.
 84954 | Hell     | Found a gateway to the freezing wastes of Cocytus.
 85007 | Hell     | Found a gateway to the Iron City of Dis.
 85272 | Hell     | Found a gateway to the ashen valley of Gehenna.
 85287 | Geh:1    | Entered Level 1 of Gehenna
 86245 | Geh:7    | Entered Level 7 of Gehenna
 86930 | Geh:7    | Got an ancient shortbow
 86944 | Geh:7    | Got a shimmering buckler
 86945 | Geh:7    | Identified Sif Muna's Reference Book on Assistive
                  | Malediction
 87363 | Geh:7    | Identified the +7 sceptre of Asmodeus
 87363 | Geh:7    | Noticed Asmodeus
 87584 | Geh:7    | Killed Asmodeus
 87590 | Geh:7    | Identified the +2 buckler "Warizue" {rElec} (You found it
                  | on level 7 of Gehenna)
 87634 | Geh:7    | Got an obsidian rune of Zot
 88336 | Coc:1    | Entered Level 1 of Cocytus
 89477 | Coc:6    | You are sucked into a shaft and drop 1 floor!
 89477 | Coc:7    | Entered Level 7 of Cocytus
 89638 | Coc:7    | Noticed the Serpent of Hell
 89665 | Coc:7    | Killed the Serpent of Hell
 90093 | Coc:7    | Got a bloodstained spear
 90110 | Coc:7    | Got a transparent tin amulet
 90118 | Coc:7    | Identified the amulet "Xibbuar" {*Slow rF+ Regen+ Str+7
                  | Dex+3} (You found it on level 7 of Cocytus)
 90382 | Coc:7    | Identified the +4 falchion of Amortisation {freeze, Str+2}
 90382 | Coc:7    | Noticed Antaeus
 90404 | Coc:7    | Killed Antaeus
 90420 | Coc:7    | Got an icy rune of Zot
 90437 | Coc:7    | Got a steaming lapis lazuli ring
 90604 | Hell     | Upgraded the game from 0.25-a0-306-g3faca94807 to
                  | 0.25-a0-308-geac79542e2
 90607 | Hell     | Identified the cursed ring "Erauf" {*Corrode rN++ Int-3
                  | Slay+6 Stlth-} (You found it on level 7 of Cocytus)
 90613 | Tar:1    | Entered Level 1 of Tartarus
 91376 | Zot:2    | Noticed an orb of fire
 91389 | Zot:2    | Killed an orb of fire
 92757 | Tar:7    | Entered Level 7 of Tartarus
 92860 | Tar:7    | Noticed an ancient lich
 92871 | Tar:7    | Killed an ancient lich
 93056 | Tar:7    | Gained mutation: You occasionally shout uncontrollably at
                  | your foes. [mutagenic glow]
 93080 | Tar:7    | Gained mutation: You sometimes yell uncontrollably at your
                  | foes. [a neqoxec]
 93081 | Tar:7    | Gained mutation: You tend to lose your temper in combat. [a
                  | neqoxec]
 93097 | Tar:7    | Reached skill level 27 in Maces & Flails
 93334 | Tar:7    | Noticed Ereshkigal
 93377 | Tar:7    | Killed Ereshkigal
 93748 | Tar:7    | Gained mutation: You are occasionally teleported next to
                  | monsters. [mutagenic glow]
 93857 | Tar:7    | Identified the ring of Suspected Treachery {MP+9 Str+3
                  | Stlth+} (You found it on level 7 of Tartarus)
 94124 | Tar:7    | Got a bone rune of Zot
 94346 | Tar:7    | Gained mutation: Your body sometimes deteriorates upon
                  | taking damage. [mutagenic glow]
 94374 | Hell     | Gained mutation: Your spells are easier to cast, but less
                  | powerful. [mutagenic glow]
 94471 | D:15     | Lost mutation: You are very dopey. (Int -4) [potion of
                  | mutation]
 94471 | D:15     | Lost mutation: You are very weak. (Str -4) [potion of
                  | mutation]
 94471 | D:15     | Lost mutation: Scrolls take you much longer to read.
                  | [potion of mutation]
 94471 | D:15     | Lost mutation: Your magical capacity is very low. (-20% MP)
                  | [potion of mutation]
 94471 | D:15     | Gained mutation: You are agile. (Dex +2) [potion of
                  | mutation]
 94472 | D:15     | Lost mutation: Your body sometimes deteriorates upon taking
                  | damage. [potion of mutation]
 94472 | D:15     | Lost mutation: You are dopey. (Int -2) [potion of mutation]
 94472 | D:15     | Gained mutation: You are robust. (+10% HP) [potion of
                  | mutation]
 94473 | D:15     | Lost mutation: You are agile. (Dex +2) [potion of mutation]
 94473 | D:15     | Lost mutation: You are resistant to hostile enchantments.
                  | (MR+) [potion of mutation]
 94473 | D:15     | Lost mutation: You tend to lose your temper in combat.
                  | [potion of mutation]
 94473 | D:15     | Gained mutation: Your magical capacity is very low. (-20%
                  | MP) [potion of mutation]
 94473 | D:15     | Lost mutation: Scrolls take you longer to read. [potion of
                  | mutation]
 94473 | D:15     | Gained mutation: Your mind is acute. (Int +2) [potion of
                  | mutation]
 94474 | D:15     | Lost mutation: You are robust. (+10% HP) [potion of
                  | mutation]
 94474 | D:15     | Lost mutation: You are weak. (Str -2) [potion of mutation]
 94474 | D:15     | Lost mutation: Your mind is acute. (Int +2) [potion of
                  | mutation]
 94474 | D:15     | Lost mutation: Scrolls take you a little longer to read.
                  | [potion of mutation]
 94474 | D:15     | Lost mutation: Your spells are easier to cast, but less
                  | powerful. [potion of mutation]
 94474 | D:15     | Gained mutation: You possess an exceptional clarity of
                  | mind. [potion of mutation]
 94474 | D:15     | Gained mutation: You have sharp fingernails. [potion of
                  | mutation]
 94474 | D:15     | Gained mutation: You are resistant to hostile enchantments.
                  | (MR+) [potion of mutation]
 94738 | Crypt:3  | Lost mutation: You possess an exceptional clarity of mind.
                  | [potion of mutation]
 94738 | Crypt:3  | Lost mutation: You are occasionally teleported next to
                  | monsters. [potion of mutation]
 94738 | Crypt:3  | Lost mutation: Your magical capacity is very low. (-20% MP)
                  | [potion of mutation]
 94738 | Crypt:3  | Lost mutation: Your spells are a little easier to cast, but
                  | a little less powerful. [potion of mutation]
 94738 | Crypt:3  | Gained mutation: You have a pair of small horns on your
                  | head. [potion of mutation]
 95152 | Dis:1    | Entered Level 1 of the Iron City of Dis
 95740 | Dis:5    | Gained mutation: You tend to lose your temper in combat.
                  | [mutagenic glow]
 96433 | Dis:7    | Entered Level 7 of the Iron City of Dis
 97339 | Dis:7    | Identified the +5 hand axe of Cokon {chop, rN++ MR+}
 97393 | Dis:7    | Identified the +0 trident of Circularity {freeze, Str+4}
 97464 | Dis:7    | Gained mutation: You are dopey. (Int -2) [mutagenic glow]
 97544 | Dis:7    | Identified the ring of Kippy {*Contam rElec rCorr Str+7
                  | SInv}
 97601 | Dis:7    | Gained mutation: Armour fits poorly on your strangely
                  | shaped body. [mutagenic glow]
 97660 | Dis:7    | Gained mutation: You are frail. (-10% HP) [mutagenic glow]
 97874 | Dis:7    | Identified the Compendium of Transformation and Protection
 97903 | Dis:7    | Identified the ring of Trog's Approval {rElec rC+ MR++}
                  | (You found it on level 7 of the Iron City of Dis)
 97941 | Dis:7    | Gained mutation: You are very frail. (-20% HP) [a
                  | cacodemon]
 98002 | Dis:7    | Identified the +4 staff of Dispater
 98002 | Dis:7    | Noticed Dispater
 98021 | Dis:7    | Killed Dispater
 98042 | Dis:7    | Got an iron rune of Zot
102864 | D:4      | Bought the ring "Mouvam" {-Tele Str+4 Int+6} for 451 gold
                  | pieces
103395 | Zot:5    | Entered Level 5 of the Realm of Zot
103905 | Zot:5    | Noticed an orb of fire
103908 | Zot:5    | Noticed an orb of fire
103918 | Zot:5    | Killed an orb of fire
103930 | Zot:5    | Killed an orb of fire
103932 | Zot:5    | Noticed an ancient lich
103932 | Zot:5    | Noticed an ancient lich
103934 | Zot:5    | Noticed an orb of fire
103936 | Zot:5    | Killed an ancient lich
103941 | Zot:5    | Killed an ancient lich
103950 | Zot:5    | Killed an orb of fire
104013 | Zot:5    | Noticed an orb of fire
104031 | Zot:5    | Killed an orb of fire
104167 | Zot:5    | Noticed an ancient lich
104280 | Zot:5    | Killed an ancient lich
104408 | Zot:5    | Noticed an orb of fire
104412 | Zot:5    | Gained mutation: Scrolls take you a little longer to read.
                  | [an orb of fire]
104415 | Zot:5    | Gained mutation: You are weak. (Str -2) [an orb of fire]
104417 | Zot:5    | Killed an orb of fire
104450 | Zot:5    | Noticed an orb of fire
104461 | Zot:5    | Gained mutation: You are occasionally teleported next to
                  | monsters. [an orb of fire]
104463 | Zot:5    | Killed an orb of fire
104864 | Zot:5    | Noticed an ancient lich
104876 | Zot:5    | Killed an ancient lich
105078 | Zot:5    | Lost mutation: You have sharp fingernails. [potion of
                  | mutation]
105078 | Zot:5    | Lost mutation: You are very frail. (-20% HP) [potion of
                  | mutation]
105078 | Zot:5    | Lost mutation: You tend to lose your temper in combat.
                  | [potion of mutation]
105078 | Zot:5    | Lost mutation: You are weak. (Str -2) [potion of mutation]
105078 | Zot:5    | Gained mutation: You expend magic power (3 MP) to
                  | strengthen your wands. [potion of mutation]
105079 | Zot:5    | Lost mutation: You expend magic power (3 MP) to strengthen
                  | your wands. [potion of mutation]
105079 | Zot:5    | Lost mutation: Your magical capacity is low. (-10% MP)
                  | [potion of mutation]
105079 | Zot:5    | Lost mutation: You have a pair of small horns on your head.
                  | [potion of mutation]
105079 | Zot:5    | Lost mutation: You are resistant to hostile enchantments.
                  | (MR+) [potion of mutation]
105079 | Zot:5    | Lost mutation: You are dopey. (Int -2) [potion of mutation]
105080 | Zot:5    | Lost mutation: Armour fits poorly on your strangely shaped
                  | body. [potion of mutation]
105080 | Zot:5    | Lost mutation: You are occasionally teleported next to
                  | monsters. [potion of mutation]
105080 | Zot:5    | Lost mutation: You are frail. (-10% HP) [potion of
                  | mutation]
105080 | Zot:5    | Gained mutation: You expend magic power (3 MP) to
                  | strengthen your wands. [potion of mutation]
105080 | Zot:5    | Gained mutation: You are covered in fur. (AC +1) [potion of
                  | mutation]
105080 | Zot:5    | Gained mutation: You are robust. (+10% HP) [potion of
                  | mutation]
105472 | Zot:5    | Got the Orb of Zot
105617 | Zot:2    | Noticed Zuallucs the pandemonium lord
106120 | D:$      | Escaped with the Orb!

Levels and vault maps discovered:
D:1:      dpeg_arrival_three_smaller_balls, layout_basic
D:2:      layout_basic, nicolae_overflow_crystal_walls, supply_closet_lemuel,
          uniq_robin, uniq_terence, uniq_jessica
D:3:      layout_basic, old_standard_altar, gammafunk_ghost_stat_death
D:4:      layout_basic, nicolae_dithmenos_through_a_glass_darkly,
          minmay_temple_entry_drinking_statues, serial_shops,
          kennysheep_little_box, nicolae_shop_trees, shop, first_ration,
          uniq_eustachio
D:5:      layout_basic, nicolae_gozag_zags_fifth_avenue,
          hangedman_decor_growths, uniq_duvessa
D:6:      layout_loops_ring, kennysheep_mini_moat, serial_rivers,
          chequers_serial_rivers_large_a, chequers_serial_rivers_micro_b,
          chequers_serial_rivers_room_b, chequers_serial_rivers_micro_c,
          chequers_serial_rivers_room_a
D:7:      layout_basic, the_bakery, minmay_parallelograms, uniq_prince_ribbit1
D:8:      layout_gridville, lemuel_crystal_altar, dpeg_oklobed_lair
D:9:      layout_roguey, eat_drink_and_be_merry_uskayaw, enter_bailey_8,
          evilmike_ruin_ashenzari
D:10:     gammafunk_corrupted_shrine, layout_cave_pools, serial_shops,
          nicolae_shop_competitors_out_of_business, shop_fountains,
          nicolae_shop_behind_doors, nicolae_shop_stone,
          kennysheep_generic_room_16, uniq_josephine
D:11:     layout_rooms, orc_david_3, lightli_minifort, uniq_gastronok
D:12:     layout_rooms, uniq_maurice
D:13:     layout_loops_ring, david_vaults_1, chequers_serial_rivers_small_a,
          uniq_azrael, uniq_kirke
D:14:     layout_basic, portal_ice_cave_rime, grunt_ministairs_2
D:15:     grunt_enter_depths_hoard, layout_stronghold, basic_altar,
          lemuel_coloured_pillars_altar, serial_shops, nicolae_shop_trees
Temple:   minmay_freezing_vapour_temple
Lair:1:   layout_concentric_octagons, ebering_ghost_funeral_grove, uniq_nergalle
Lair:2:   layout_hall_layers, minivault_29, grunt_megastairs_4
Lair:3:   layout_roguey, elwin_shoals_entry_rocks,
          nicolae_volcano_entry_lava_flow, ebering_ghost_rock_garden,
          special_room [special_room_bee], chequers_serial_rivers_small_b,
          roderic_batcave
Lair:4:   layout_hall_layers, dummy_spider_entry, ebering_ghost_reflecting_pool
Lair:5:   layout_gridlike, beast_lair_carwin_1
Lair:6:   grunt_lair_end_beastmaster, layout_regular_city, slime_altar_1,
          eino_small_chamber_without_monster
Shoals:1: layout_shoals, uniq_aizul
Shoals:2: layout_shoals, nicolae_shoals_stone_sculpture_thing,
          minmay_shop_enchanted_jewellery, nicolae_shoals_arrival_archipelago
Shoals:3: layout_shoals, gammafunk_ghost_wrathful_warriors,
          nicolae_shoals_siren_and_animal_friends, uniq_ilsuiw, uniq_polyphemus
Shoals:4: shoals_end_hangedman, layout_shoals, nicolae_shoals_isolated_beach
Spider:1: layout_spider_delve, uniq_frances, uniq_roxanne
Spider:2: layout_chambers, nicolae_orb_island
Spider:3: layout_spider_delve, drop_trap
Spider:4: spider_rune_water, drop_trap
Slime:1:  layout_caves, nicolae_slime_phagocytosis
Slime:2:  layout_caves, cheibrodos_slime_lost_civilization_4
Slime:3:  layout_caves
Slime:4:  layout_caves
Slime:5
Orc:1:    layout_diamond_mine
Orc:2:    st_orc_town, layout_diamond_mine, special_room
Elf:1:    eino_elf_arrival_altar, layout_geoelf_diagonals, serial_shops,
          nicolae_shop_overgrown_old_shop, minivault_28, minmay_shop_grove
Elf:2:    layout_geoelf_diagonals, serial_shops, nicolae_shop_trees,
          guppyfry_elf_garden
Elf:3:    minmay_elf_hall_quartered_circle, layout_gridlike, grunt_megastairs_5
Vaults:1: vaults_standard_mumra_enter_the_diamond, vaults_room_stairs_pillars,
          nicolae_vaults_network_quinsquares
          [nicolae_vaults_network_quincunx_subvault,
          nicolae_vaults_network_quincunx_subvault,
          nicolae_vaults_network_quincunx_subvault,
          nicolae_vaults_network_quincunx_subvault], v_alt_pattern_5,
          nicolae_vaults_ring_of_whatevers, serial_ice_m, v_misc_18,
          ontoclasm_vaults_hangar, nicolae_vaults_diagonal_hallway_6,
          layout_vaults_big_room, serial_shops, shop_fountains
Vaults:2: nicolae_vaults_gold_heap, nicolae_vaults_minivaults, v_misc_3,
          vaults_room_octagon, hangedman_vaults_trim, grunt_vaults_funnel,
          ontoclasm_vaults_pinch, nicolae_vaults_specimen_jars,
          vaults_dpeg_diagonal, layout_vaults_omnigrid,
          minmay_crypt_entry_necro_gods, enter_trove_0, uniq_nikola
Vaults:3: grunt_vaults_hallway_long, v_misc_18, hangedman_vaults_pinch,
          vaults_room_boxed, nicolae_vaults_mini_display_case, v_misc_3,
          v_rooms_4, vaults_room_ringed_pool, ontoclasm_vaults_ligature,
          vaults_room_pool, vaults_dpeg_cross, v_misc_17, serial_ice_g,
          layout_vaults_ring, serial_shops, nicolae_shop_trees, shop,
          shop_coins, shop_scrolls, nicolae_shop_crystal, uniq_bai_suzhen
Vaults:4: st_check, grunt_vaults_focal, ontoclasm_vaults_ring_large,
          vaults_room_mumra_shop_pool, v_misc_28, hangedman_vaults_variations,
          ontoclasm_vaults_loading_screen, v_misc_5, v_misc_30,
          nicolae_vaults_windows_and_doors_thing,
          nicolae_vaults_diagonal_hallway_6, v_misc_32, layout_vaults_big_cross,
          serial_shops, nicolae_shop_trees, nicolae_shop_statue_plus
Vaults:5
Crypt:1:  layout_basic, grunt_crypt_arrival_split
Crypt:2:  layout_catacombs, minigarden_bobbens, uniq_boris, uniq_sojobo
Crypt:3:  lightli_unholy_cathedral, layout_chaotic_city,
          nicolae_tomb_entry_unfolded_pyramid_orthogonal
Tomb:1
Tomb:2
Tomb:3:   uniq_jory
Depths:1: layout_gridlike, grunt_hell_entry_dis_mu, pan_entry,
          minmay_the_grid_2x2 [minmay_the_grid_artifice, minmay_the_grid_rooms,
          minmay_the_grid_garden, minmay_the_grid_prize_shrinking_boxes],
          uniq_mara, uniq_enchantress
Depths:2: hangedman_hanging_gardens, layout_gridlike, dk_noncrumbling_2,
          ebering_ghost_rock_garden, hell_entry
Depths:3: gold_lair_mu, layout_cave_pools, lemuel_round_altar,
          mu_enter_wizlab_2, minmay_room_of_horrors, serial_shops,
          nicolae_shop_overgrown_old_shop, kennysheep_mini, shop, shop, shop,
          rand_demon_pan_entry_1, hangedman_coc_ice_floe, hangedman_decor_push,
          guppyfry_shop_blood
Depths:4: nicolae_whirlpool, layout_gridlike, hangedman_abyss_or_decor_stagger,
          abyss_entry_small_statue_room, hell_entry,
          infiniplex_staircase_zigzag_2
Depths:5: evilmike_zot_entry_castle, layout_basic, enter_ziggurat_d,
          pf_hell_entry_tar_spiral, dk_noncrumbling_3
Hell
Dis:1:    layout_chaotic_city, hangedman_player_shredder
Dis:2:    layout_regular_city, lemuel_elevator, grunt_megastairs_2
Dis:3:    lightli_tower_of_babel, layout_chaotic_city
Dis:4:    lemuel_dis_dragons, layout_regular_city
Dis:5:    layout_subdivisions
Dis:6:    layout_jigsaw, hangedman_dis_decor_blocks_talon
Dis:7:    iron_city_of_dis [dis_grunt, dis_wall_8], layout_chaotic_city
Geh:1:    layout_gehenna_lava_caves, lemuel_flamethrower_2
Geh:2:    layout_gehenna_pools_box
Geh:3:    layout_gehenna_lava_caves
Geh:4:    layout_gehenna_pools_triple
Geh:5:    layout_gehenna_lava_caves
Geh:6:    layout_gehenna_pools_box
Geh:7:    evilmike_geh
Coc:1:    layout_ice_bergs
Coc:2:    layout_ice_bergs
Coc:3:    layout_ice_bergs
Coc:4:    layout_ice_bergs
Coc:5:    layout_ice_bergs
Coc:6:    layout_cocytus_water_paths
Coc:7:    coc_grunt
Tar:1:    layout_grid_maze, nicolae_tar_cuneiform_city
Tar:2:    layout_grid_maze
Tar:3:    layout_grid_maze
Tar:4:    layout_catacombs, lemuel_elevator
Tar:5:    layout_cathedral_of_symmetry
Tar:6:    layout_grid_maze
Tar:7:    tar_grunt_cathedral
Zot:1:    layout_cathedral_of_symmetry, nzn_random_ring
Zot:2:    layout_gridlike
Zot:3:    layout_misc_corridors
Zot:4:    layout_gridville
Zot:5:    layout_basic

Skill      XL: |  1  2  3  4  5  6  7  8  9 10 11 12 13 14 15 16 17 18 19 20 21 22 23 24 25 26 27 |
---------------+----------------------------------------------------------------------------------+-----
Shields        | 4 5 6 7 8 10 11 13 14 15 16 17 18 19 20 21 22 23 24 25 27 | 27.0
Maces & Flails | 3 4 5 7 9 10 11 13 14 15 16 27 | 27.0
Fighting       | 4 5 6 7 8 10 12 13 15 16 17 18 19 20 21 22 23 24 25 27 | 27.0
Invocations    | 2 5 6 7 8 9 14 | 14.0
Evocations     | 2 4 6 7 9 10 26 | 26.1
Armour         | 4 7 8 10 11 12 13 15 16 18 19 20 27 | 27.0
Spellcasting   | 3 5 7 8 9 |  9.0
Stealth        | 5 8 11 12 13 15 | 15.0
Dodging        | 1 6 8 25 | 25.8

Action                   |  1- 3 |  4- 6 |  7- 9 | 10-12 | 13-15 | 16-18 | 19-21 | 22-24 | 25-27 || total
-------------------------+-------+-------+-------+-------+-------+-------+-------+-------+-------++-------
Melee: Flail             |   125 |    50 |       |       |       |       |       |       |       ||   175
       Mace              |       |   168 |   286 |   829 |   140 |       |       |       |       ||  1423
       Eveningstar       |       |       |       |       |   996 |  1479 |  1398 |  1536 |  9433 || 14842
       Unarmed           |       |       |       |       |     1 |       |       |       |       ||     1
       Headbutt          |       |       |       |       |       |       |       |       |   872 ||   872
Invok: Heroism           |       |       |     1 |     8 |     1 |       |       |       |       ||    10
       Finesse           |       |       |       |       |     1 |     1 |       |       |       ||     2
       Brand Weapon With |       |       |       |       |       |       |       |       |     1 ||     1
       Cleansing Flame   |       |       |       |       |       |       |       |       |    12 ||    12
       Summon Divine War |       |       |       |       |       |       |       |       |     8 ||     8
 Abil: Fly               |       |       |       |       |     1 |       |       |       |     4 ||     5
       Evoke Blink       |       |       |       |       |       |     1 |       |     1 |    14 ||    16
       Stop Flying       |       |       |       |       |       |       |       |       |     5 ||     5
Evoke: Wand              |       |       |       |       |       |       |       |       |     4 ||     4
  Use: Scroll            |       |     6 |     1 |    17 |     5 |     9 |     7 |     7 |    56 ||   108
       Potion            |       |       |       |     1 |       |     1 |       |     1 |    38 ||    41
 Stab: Petrified         |       |       |       |       |     2 |    13 |       |     1 |       ||    16
       Petrifying        |       |       |       |       |       |       |       |     1 |       ||     1
  Eat: Chunk             |     1 |     6 |    14 |    23 |    24 |    28 |    26 |    30 |    64 ||   216
       Ration            |       |       |       |     1 |     1 |     1 |     1 |     1 |    39 ||    44
Armor: Scale mail        |    86 |   117 |   137 |   168 |       |       |       |       |       ||   508
       Leather armour    |       |       |       |    85 |    15 |       |       |       |       ||   100
       Plate armour      |       |       |       |       |   369 |   651 |   339 |       |       ||  1359
       Crystal plate arm |       |       |       |       |       |       |   117 |   665 |  3899 ||  4681
Dodge: Dodged            |    50 |    64 |   115 |   169 |    95 |   166 |   127 |   183 |  2034 ||  3003
Block: Shield            |    80 |   109 |   195 |   235 |       |       |       |       |       ||   619
       Large shield      |       |       |       |   499 |  1121 |  1556 |  1295 |  1715 | 13208 || 19394
       Reflection        |       |       |       |       |       |       |    27 |    90 |   242 ||   359

Table legend:
 A = Non-vault XP
 B = Vault XP
 C = Vault XP percentage of total XP
 D = Non-vault monster count
 E = Vault monster count
 F = Vault count percentage of total count
                 A         B        C        D         E       F
            +---------+---------+-------+---------+---------+-------
      Total | 2233635 | 1871908 |  45.6 |    3432 |    1689 |  33.0
            +---------+---------+-------+---------+---------+-------
        D:1 |      29 |       0 |   0.0 |      18 |       0 |   0.0
        D:2 |      96 |     108 |  52.9 |      23 |      13 |  36.1
        D:3 |     273 |     353 |  56.4 |      32 |       4 |  11.1
        D:4 |     446 |     227 |  33.7 |      12 |       2 |  14.3
        D:5 |     446 |       0 |   0.0 |      10 |       0 |   0.0
        D:6 |     596 |       0 |   0.0 |      12 |       0 |   0.0
        D:7 |    1778 |     482 |  21.3 |      11 |       2 |  15.4
        D:8 |    2265 |       0 |   0.0 |      18 |       0 |   0.0
        D:9 |    2106 |       0 |   0.0 |      39 |       0 |   0.0
       D:10 |    3219 |    4524 |  58.4 |      34 |      12 |  26.1
       D:11 |    2827 |    3125 |  52.5 |      26 |       6 |  18.8
       D:12 |    4235 |     426 |   9.1 |      15 |       1 |   6.2
       D:13 |    4405 |    9979 |  69.4 |      19 |      20 |  51.3
       D:14 |   18171 |    1272 |   6.5 |      54 |       3 |   5.3
       D:15 |   23545 |   10145 |  30.1 |      52 |       3 |   5.5
     Lair:1 |    3104 |    3159 |  50.4 |      18 |       6 |  25.0
     Lair:2 |    1629 |    5043 |  75.6 |       9 |      40 |  81.6
     Lair:3 |    6048 |    2787 |  31.5 |      22 |      29 |  56.9
     Lair:4 |    7701 |     965 |  11.1 |      31 |       1 |   3.1
     Lair:5 |    4767 |    4022 |  45.8 |      12 |       8 |  40.0
     Lair:6 |   18363 |    9495 |  34.1 |      47 |      18 |  27.7
   Shoals:1 |   13437 |    1698 |  11.2 |      27 |       1 |   3.6
   Shoals:2 |   20299 |    2399 |  10.6 |      38 |       1 |   2.6
   Shoals:3 |   11165 |   20787 |  65.1 |      27 |      26 |  49.1
   Shoals:4 |   21696 |   22874 |  51.3 |      39 |      34 |  46.6
   Spider:1 |   14867 |    4093 |  21.6 |      40 |       2 |   4.8
   Spider:2 |   12714 |    2379 |  15.8 |      43 |       4 |   8.5
   Spider:3 |   16189 |       0 |   0.0 |      53 |       0 |   0.0
   Spider:4 |   11586 |   23167 |  66.7 |      38 |      48 |  55.8
    Slime:1 |    8146 |    1054 |  11.5 |      12 |       4 |  25.0
    Slime:2 |    8717 |       0 |   0.0 |      18 |       0 |   0.0
    Slime:3 |   12900 |       0 |   0.0 |      31 |       0 |   0.0
    Slime:4 |   16171 |    3058 |  15.9 |      38 |       2 |   5.0
    Slime:5 |    5894 |   28692 |  83.0 |       9 |      10 |  52.6
      Orc:1 |    1528 |     266 |  14.8 |      21 |       2 |   8.7
      Orc:2 |    1235 |    7893 |  86.5 |      25 |      53 |  67.9
      Elf:1 |    9009 |   10328 |  53.4 |      17 |      19 |  52.8
      Elf:2 |   13039 |   29395 |  69.3 |      26 |      34 |  56.7
      Elf:3 |   22759 |   43544 |  65.7 |      38 |      32 |  45.7
   Vaults:1 |   38763 |   10997 |  22.1 |      71 |      20 |  22.0
   Vaults:2 |   33018 |   22378 |  40.4 |      57 |      24 |  29.6
   Vaults:3 |   48537 |   30337 |  38.5 |      76 |      37 |  32.7
   Vaults:4 |   40958 |   39847 |  49.3 |      64 |      33 |  34.0
   Vaults:5 |   19212 |  121572 |  86.4 |      28 |      82 |  74.5
    Crypt:1 |   33353 |       0 |   0.0 |      51 |       0 |   0.0
    Crypt:2 |   33231 |   15735 |  32.1 |      47 |       8 |  14.5
    Crypt:3 |   43974 |   45645 |  50.9 |      43 |      48 |  52.7
     Tomb:1 |    7382 |  157807 |  95.5 |      25 |      67 |  72.8
     Tomb:2 |   13325 |   55823 |  80.7 |      26 |      55 |  67.9
     Tomb:3 |    7454 |   73635 |  90.8 |      23 |      56 |  70.9
   Depths:1 |   33467 |   32371 |  49.2 |      35 |      27 |  43.5
   Depths:2 |   42889 |   21248 |  33.1 |      52 |      24 |  31.6
   Depths:3 |   47609 |   30366 |  38.9 |      57 |      42 |  42.4
   Depths:4 |   75112 |   14430 |  16.1 |      68 |      24 |  26.1
   Depths:5 |   41935 |   48346 |  53.6 |      37 |      29 |  43.9
       Hell |   28248 |   26465 |  48.4 |      40 |      42 |  51.2
      Dis:1 |    5796 |      82 |   1.4 |      18 |       2 |  10.0
      Dis:2 |       0 |     139 | 100.0 |       0 |       1 | 100.0
      Dis:3 |    4927 |    5552 |  53.0 |       3 |      11 |  78.6
      Dis:4 |   29800 |    1796 |   5.7 |      62 |       1 |   1.6
      Dis:5 |   38000 |       0 |   0.0 |      53 |       0 |   0.0
      Dis:6 |   23111 |       0 |   0.0 |      34 |       0 |   0.0
      Dis:7 |   98440 |  123406 |  55.6 |     111 |      87 |  43.9
      Geh:1 |    1877 |       0 |   0.0 |      10 |       0 |   0.0
      Geh:2 |   29041 |       0 |   0.0 |      51 |       0 |   0.0
      Geh:3 |   18632 |       0 |   0.0 |      28 |       0 |   0.0
      Geh:4 |   25990 |       0 |   0.0 |      51 |       0 |   0.0
      Geh:5 |   16814 |       0 |   0.0 |      21 |       0 |   0.0
      Geh:6 |    4834 |       0 |   0.0 |       6 |       0 |   0.0
      Geh:7 |   51361 |   79888 |  60.9 |      68 |      48 |  41.4
      Coc:1 |   34528 |       0 |   0.0 |      27 |       0 |   0.0
      Coc:2 |   23701 |       0 |   0.0 |      42 |       0 |   0.0
      Coc:3 |   11187 |       0 |   0.0 |      28 |       0 |   0.0
      Coc:4 |   18503 |       0 |   0.0 |      21 |       0 |   0.0
      Coc:5 |   24999 |       0 |   0.0 |      47 |       0 |   0.0
      Coc:6 |    6194 |       0 |   0.0 |      13 |       0 |   0.0
      Coc:7 |   49332 |   75124 |  60.4 |      80 |      54 |  40.3
      Tar:1 |   11666 |       0 |   0.0 |      16 |       0 |   0.0
      Tar:2 |    5792 |       0 |   0.0 |       6 |       0 |   0.0
      Tar:3 |   42828 |       0 |   0.0 |      43 |       0 |   0.0
      Tar:4 |   24202 |       0 |   0.0 |      31 |       0 |   0.0
      Tar:5 |   27564 |       0 |   0.0 |      23 |       0 |   0.0
      Tar:6 |     268 |       0 |   0.0 |       1 |       0 |   0.0
      Tar:7 |   81392 |  111183 |  57.7 |      93 |      69 |  42.6
      Zot:1 |   18117 |   33082 |  64.6 |       9 |      16 |  64.0
      Zot:2 |   55893 |       0 |   0.0 |      37 |       0 |   0.0
      Zot:3 |   90492 |       0 |   0.0 |      52 |       0 |   0.0
      Zot:4 |   59744 |    5765 |   8.8 |      33 |       2 |   5.7
      Zot:5 |   71923 |  163456 |  69.4 |      40 |      39 |  49.4
    Abyss:1 |   27433 |    8191 |  23.0 |      35 |       5 |  12.5
    Abyss:2 |    5291 |       0 |   0.0 |      11 |       0 |   0.0
    Abyss:3 |   28689 |   20433 |  41.6 |      49 |      18 |  26.9
    Abyss:4 |    4503 |       0 |   0.0 |      11 |       0 |   0.0
        Pan |  244904 |  194749 |  44.3 |     314 |     166 |  34.6
     Bailey |       0 |    1202 | 100.0 |       0 |      12 | 100.0
      IceCv |       0 |    6256 | 100.0 |       0 |      54 | 100.0
    Volcano |       0 |    4587 | 100.0 |       0 |      12 | 100.0
     WizLab |       0 |   32276 | 100.0 |       0 |      34 | 100.0
            +---------+---------+-------+---------+---------+-------
